 Dungeon Crawl Stone Soup version 0.32-a0-768-g0f6f1dd4b9 (webtiles) character file.

Game seed: 13112622183303430635

11752263 gimp the Intangible (level 27, 273/273 HPs)
             Began as a Green Draconian Gladiator on Mar 18, 2024.
             Was the Champion of the Shining One.
             Escaped with the Orb
             ... and 15 runes on Mar 19, 2024!
             The game lasted 05:46:58 (138743 turns).

gimp the Intangible (Green Draconian Gladiator)   Turns: 138743, Time: 05:46:59

Health: 273/273    AC: 20    Str: 19    XL:     27
Magic:  49/49      EV: 48    Int:  9    God:    the Shining One [******]
Gold:   11219      SH: 25    Dex: 35    Spells: 19/26 levels left

rFire   + + +        a - +8 autumn katana {manifold assault}
rCold   + + +        K - +3 kite shield of Slovenliness {rElec rPois}
rNeg    + + +        (body armour unavailable)
rPois   +            U - +2 hat {Will+}
rElec   +            o - scarf {rC+ rF+}
rCorr   +            X - +1 pair of gloves of Midwinter {rC+ Dex+3}
SInv    +            E - +2 pair of boots {Fly}
Will    +++++        v - amulet "Rydorr" {Acrobat Harm rF+ rC+ Will-}
Stlth   +            Q - ring of Hitureo {rF+ rC- Will++ rCorr MP+9}
HPRegen 0.65/turn    P - ring of Taokhun {Will+ Str+4 Dex+6}
MPRegen 0.31/turn

%: harm (+30% outgoing, +20% incoming), acrobat
@: flying, glowing, studying 2 skills
A: noxious breath, AC +13, unfitting armour, stinger 2, poison resistance,
cold-blooded, see invisible, cold resistance 1, fire resistance 1, inhibited
regeneration, weak 1
0: Orb of Zot
}: 15/15 runes: barnacled, slimy, silver, golden, iron, obsidian, icy, bone,
abyssal, demonic, glowing, magical, fiery, dark, gossamer
a: Noxious Breath, Renounce Religion, Divine Shield, Cleansing Flame, Summon
Divine Warrior


You escaped.
You worshipped the Shining One.
The Shining One was exalted by your worship.
You visited 18 branches of the dungeon, and saw 88 of its levels.
You visited Pandemonium 2 times, and saw 20 of its levels.
You visited the Abyss 2 times.
You also visited: Trove, Bailey, Ice Cave, Volcano and Wizlab.

You collected 18920 gold pieces.
You spent 4491 gold pieces at shops.
You donated 3210 gold pieces to Zin.

Inventory:

Hand Weapons
 a - the +8 autumn katana (weapon) {manifold assault}
   (You found it on level 3 of the Tomb of the Ancients)
 b - a +9 double sword of freezing
 c - a +9 eudemon blade of holy wrath
Missiles
 B - 11 throwing nets
 J - 10 curare-tipped darts
Armour
 o - a scarf of resistance (worn)
 x - a +2 pair of boots of rampaging
 E - a +2 pair of boots of flying (worn)
 K - the +3 kite shield of Slovenliness (worn) {rElec rPois}
   (You found it in a treasure trove)

   rElec:     It insulates you from electricity.
   rPois:     It protects you from poison.
 R - a +8 tower shield of cold resistance
 T - the +1 cloak of Noliac {^Drain +Blink rF+ Stlth+}
   (You found it in a treasure trove)

   rF+:       It protects you from fire.
   +Blink:    It lets you blink.
   ^Drain:    It drains your maximum health when unequipped.
   Stlth+:    It makes you more stealthy.
 U - a +2 hat of willpower (worn)
 X - the +1 pair of gloves of Midwinter (worn) {rC+ Dex+3}
   (You found it in a treasure trove)

   Dex+3:     It affects your dexterity (+3).
   rC+:       It protects you from cold.
Jewellery
 d - the ring "Vokkuil" {Fly rC- rN+ rCorr Dex+3}
   (You took it off a deep elf archer on level 1 of the Elven Halls)

   [ring of flight]

   Dex+3:     It affects your dexterity (+3).
   rC-:       It makes you vulnerable to cold.
   rN+:       It protects you from negative energy.
   Fly:       It grants you flight.
   rCorr:     It protects you from acid and corrosion.
 r - a ring of resist corrosion
 v - the amulet "Rydorr" (around neck) {Acrobat Harm rF+ rC+ Will-}
   (You bought it in a shop on level 1 of the Depths)

   [amulet of the acrobat]

   Acrobat:   It increases your evasion while moving and waiting.
   rF+:       It protects you from fire.
   rC+:       It protects you from cold.
   Will-:     It decreases your willpower.
   Harm:      It increases damage dealt and taken.
 G - a +6 ring of dexterity
 H - the amulet "Hotulif" {Fly rF+ Regen+ Dex+2}
   (You took it off an efreet in Pandemonium)

   [amulet of regeneration]

   Dex+2:     It affects your dexterity (+2).
   rF+:       It protects you from fire.
   Fly:       It grants you flight.
   Regen+:    It increases your rate of health regeneration.
 P - the ring of Taokhun (right hand) {Will+ Str+4 Dex+6}
   (You acquired it on level 3 of the Elven Halls)

   [ring of dexterity]

   Str+4:     It affects your strength (+4).
   Dex+6:     It affects your dexterity (+6).
   Will+:     It increases your willpower.
 Q - the ring of Hitureo (left hand) {rF+ rC- Will++ rCorr MP+9}
   (You found it on level 3 of the Crypt)

   [ring of magical power]

   rF+:       It protects you from fire.
   rC-:       It makes you vulnerable to cold.
   Will++:    It greatly increases your willpower.
   MP+9:      It affects your magic capacity (+9).
   rCorr:     It protects you from acid and corrosion.
 S - the ring "Uricvefi" {Fly rElec rPois Will+}
   (You found it on level 5 of the Pits of Slime)

   [ring of willpower]

   rElec:     It insulates you from electricity.
   rPois:     It protects you from poison.
   Will+:     It increases your willpower.
   Fly:       It grants you flight.
Wands
 f - a wand of light (45)
 L - a wand of flame (169)
 M - a wand of mindburst (59)
 V - a wand of digging (38)
 Y - a wand of iceblast (60)
Scrolls
 e - 6 scrolls of teleportation
 g - 19 scrolls of vulnerability
 j - 3 scrolls of blinking
 n - a scroll of enchant armour
 p - 10 scrolls of fog
 q - 5 scrolls of summoning
 y - 8 scrolls of poison
 A - 8 scrolls of immolation
 W - 10 scrolls of fear
 Z - 3 scrolls of silence
Potions
 h - 15 potions of enlightenment
 i - 14 potions of mutation
 k - 17 potions of curing
 s - 16 potions of cancellation
 t - 7 potions of magic
 w - 8 potions of ambrosia
 z - 2 potions of heal wounds
 C - 2 potions of might
 F - 5 potions of haste
 O - a potion of resistance
Miscellaneous
 l - a condenser vane
 m - a phantom mirror
 D - a lightning rod (4/4)
 I - a box of beasts
 N - a figurine of a ziggurat


   Skills:
 O Level 27 Fighting
 O Level 27 Long Blades
 - Level 6.0 Throwing
 O Level 27 Dodging
 O Level 27 Shields
 * Level 23.1 Translocations
 O Level 27 Invocations
 O Level 27 Evocations


You had 19 spell levels left.
You knew the following spells:

 Your Spells              Type           Power      Damage    Failure   Level
a - Manifold Assault      Tloc           41%        N/A       1%          4
b - Apportation           Tloc           82%        N/A       0%          1
c - Blink                 Tloc           82%        N/A       0%          2

Your spell library contained the following spells:

 Spells                   Type           Power      Damage    Failure   Level
 Lesser Beckoning         Tloc           82%        N/A       0%          2
 Gell's Gravitas          Tloc           41%        N/A       0%          3
 Teleport Other           Tloc           41%        N/A       0%          3
 Momentum Strike          Conj/Tloc      40%        3d9       1%          2
 Volatile Blastmotes      Fire/Tloc      40%        2d13      1%          3
 Passage of Golubria      Tloc           41%        N/A       1%          4
 Dispersal                Tloc           20%        N/A       1%          6
 Dimensional Bullseye     Hex/Tloc       10%        N/A       3%          4
 Iskenderun's Mystic Bla  Conj/Tloc      20%        2d6       3%          4
 Vhi's Electric Charge    Tloc/Air       40%        N/A       3%          4
 Foxfire                  Conj/Fire      0%         2x1d4     38%         1
 Freeze                   Ice            0%         1d3       38%         1
 Magic Dart               Conj           0%         1d3       38%         1
 Necrotise                Necr           0%         1d4       38%         1
 Shock                    Conj/Air       0%         1d3       38%         1
 Sting                    Conj/Alch      0%         1d3       38%         1
 Summon Small Mammal      Summ           0%         N/A       38%         1
 Call Imp                 Summ           0%         N/A       52%         2
 Cigotuvi's Dreadful Rot  Necr/Alch/Air  0%         N/A       52%         2
 Ensorcelled Hibernation  Hex/Ice        0%         N/A       52%         2
 Jinxbite                 Hex            0%         N/A       52%         2
 Mercury Vapours          Alch/Air       0%         N/A       52%         2
 Scorch                   Fire           0%         2d5       52%         2
 Searing Ray              Conj           0%         2d4       52%         2
 Sublimation of Blood     Necr           0%         N/A       52%         2
 Call Canine Familiar     Summ           0%         N/A       77%         3
 Frozen Ramparts          Ice            0%         1d1       77%         3
 Fugue of the Fallen      Necr           0%         N/A       77%         3
 Hailstorm                Conj/Ice       0%         3d5       77%         3
 Inner Flame              Hex/Fire       0%         N/A       77%         3
 Mephitic Cloud           Conj/Alch/Air  0%         N/A       77%         3
 Ozocubu's Armour         Ice            0%         N/A       77%         3
 Passwall                 Erth           0%         N/A       77%         3
 Sigil of Binding         Hex            0%         N/A       77%         3
 Stone Arrow              Conj/Erth      0%         3d7       77%         3
 Summon Ice Beast         Ice/Summ       0%         N/A       77%         3
 Swiftness                Air            0%         N/A       77%         3
 Tukima's Dance           Hex            0%         N/A       77%         3
 Airstrike                Air            0%         2d(0-16)  99%         4
 Anguish                  Hex/Necr       0%         N/A       99%         4
 Cause Fear               Hex            0%         N/A       99%         4
 Flame Wave               Conj/Fire      0%         2d4       99%         4
 Fulminant Prism          Conj/Alch      0%         3d5       99%         4
 Ignite Poison            Fire/Alch      0%         N/A       99%         4
 Olgreb's Toxic Radiance  Alch           0%         N/A       99%         4
 Petrify                  Alch/Erth      0%         N/A       99%         4
 Sticky Flame             Fire/Alch      0%         2d4       99%         4
 Summon Blazeheart Golem  Fire/Summ      0%         N/A       99%         4
 Arcjolt                  Conj/Air       0%         1d10      100%        5
 Borgnjor's Vile Clutch   Necr/Erth      0%         N/A       100%        5
 Freezing Cloud           Conj/Ice/Air   0%         6-21      100%        5
 Irradiate                Conj/Alch      0%         3d11      100%        5
 Metabolic Englaciation   Hex/Ice        0%         N/A       100%        5
 Yara's Violent Unravell  Hex/Alch       0%         3d3       100%        5
 Bombard                  Conj/Erth      0%         9d1       100%        6
 Death Channel            Necr           0%         N/A       100%        6
 Permafrost Eruption      Ice/Erth       0%         2x4d2     100%        6
 Plasma Beam              Fire/Air       0%         2x1d10    100%        6
 Sculpt Simulacrum        Ice/Alch       0%         N/A       100%        6
 Starburst                Conj/Fire      0%         6d3       100%        6
 Summon Cactus Giant      Summ           0%         N/A       100%        6
 Enfeeble                 Hex            0%         N/A       100%        7
 Orb of Destruction       Conj           0%         9d5       100%        7
 Ozocubu's Refrigeration  Ice            0%         4d7       100%        7
 Spellforged Servitor     Conj/Summ      0%         N/A       100%        7
 Discord                  Hex            0%         N/A       100%        8
 Ignition                 Fire           0%         3d3       100%        8
 Infestation              Necr           0%         N/A       100%        8
 Maxwell's Capacitive Co  Air            0%         ∞         100%        8
 Death's Door             Necr           0%         N/A       100%        9


Dungeon Overview and Level Annotations

Branches:
Dungeon (15/15)            Temple (1/1) D:4            Lair (5/5) D:8
 Shoals (4/4) Lair:2       Spider (4/4) Lair:3        Slime (5/5) Lair:5
    Orc (2/2) D:9             Elf (3/3) Orc:2        Vaults (5/5) D:14
  Crypt (3/3) Vaults:2       Tomb (3/3) Crypt:3      Depths (4/4) D:15
   Hell (visited)             Dis (7/7) Hell            Geh (7/7) Hell
    Coc (7/7) Hell            Tar (7/7) Hell            Zot (5/5) Depths:4
 Bailey (visited)           IceCv (visited)         Volcano (visited)
 WizLab (visited)

Altars:
Ashenzari
Cheibriados
Dithmenos
Elyvilon
Fedhas
Gozag
Hepliaklqana
Kikubaaqudgha
Makhleb
Nemelex Xobeh
Okawaru
Qazlal
Ru
Sif Muna
Trog
Uskayaw
Vehumet
Wu Jian
Xom
Yredelemnul
Zin
The Shining One
Beogh
Jiyva
Lugonu

Shops:
D:6 *   D:11 !   D:13 ((:   Orc:1 *   Orc:2 =*![(   Elf:2 [?   Elf:3 ??*
Shoals:2 ?   Vaults:4 *   Vaults:5 :   Depths:1 =::

Portals:
Hell: Depths:1 Depths:2 Depths:3 Depths:4
Abyss: Dis:6 Depths:1 Depths:3
Pandemonium: Depths:1 Depths:2
Ziggurat: Depths:4

Annotations:
Shoals:3 Roxanne
Vaults:1 Mara
Dis:7 Dispater
Zot:5 1 exclusion


Innate Abilities, Weirdness & Mutations

You can breathe blasts of noxious fumes.
Your lurid green scales are hard. (AC +13)
You cannot fit into any form of body armour.
Your tail ends in a sharp venomous barb.
Your system is resistant to poisons. (rPois)
You are cold-blooded and may be slowed by cold attacks.
You have supernaturally acute eyesight. (SInv)
Your flesh is cold resistant. (rC+)
Your flesh is heat resistant. (rF+)
You do not regenerate when monsters are visible.
You are weak. (Str -2)


Message History

There is a stone staircase leading down here.
A lorocyproca comes into view.
Things that are here:
a +1 short sword of draining; an orc skeleton
Things that are here:
a +0 leather armour; a +0 quarterstaff; a +0 sling You slice the lorocyproca!!
You tail-slap the lorocyproca, but do no damage.
The lorocyproca is heavily wounded.
You hit the lorocyproca but do no damage.
You tail-slap the lorocyproca, but do no damage.
The lorocyproca is heavily wounded.
You block the lorocyproca's attack.
You cut the lorocyproca into ribbons!!!
You kill the lorocyproca!
The Shining One accepts your kill.
A Juewnij, a hellwing and a cacodemon come into view.
You slash the cacodemon! You tail-slap the cacodemon!
The cacodemon is moderately wounded.
You slice the cacodemon!!
The cacodemon is severely wounded.
Juewnij hits you.
You are caught in a web!
Juewnij gestures.
There is a web, spattered with blood here.
You take 4 damage, and have 269/273 hp.
The web tears apart.
Juewnij hits you!
You are caught in a web!
The cacodemon completely misses you. The cacodemon hits you!
Juewnij gestures at you.
You barely resist. The large abomination hits you.
You take 39 damage, and have 230/273 hp.
Blink to where?
Press: ? - help, Dir - move target
As you read the scroll of blinking, it crumbles to dust.
Juewnij gestures at you.
You barely resist.
You fly upwards.
There is a stone staircase leading down here.
There is a stone staircase leading up here.
You fly upwards.
There is a stone staircase leading down here.
A hellwing comes into view.
The hellwing gives a chilling moan.
You regained 9 hp, and now have 240/273 hp.
You slice the hellwing!! You tail-slap the hellwing.
The hellwing is almost dead.
You block the hellwing's attack. x2
You hit the hellwing but do no damage.
The hellwing is almost dead.
You block the hellwing's attack. x2
You slash the hellwing!
You kill the hellwing!
The Shining One accepts your kill.
You feel better.
You regained 13 hp, and now have 253/273 hp.
No target in view!
There is a stone staircase leading up here.
You fly upwards.
There is a stone staircase leading down here.
A cacodemon comes into view.
You regained 6 hp, and now have 261/273 hp.
A sixfirhy comes into view.
There is a stone staircase leading up here.
You fly upwards.
There is a stone staircase leading down, spattered with blood here.
There is a stone staircase leading up here.
You fly upwards.
There is a stone staircase leading down here.
HP restored.
There is a stone staircase leading up here.
You fly upwards.
There is a stone staircase leading down here.
There is a stone staircase leading up here.
You fly upwards.
There is a stone staircase leading down here.
An efreet comes into view.
It is wielding a +0 scimitar of flaming.
You see here a rat skeleton.
Health restored: 273 You slash the efreet!
You tail-slap the efreet, but do no damage.
The efreet is moderately wounded.
You slice the efreet like a ripe choko!!!
You kill the efreet!
The Shining One accepts your kill.
No target in view!
No target in view!
You see here a +0 scimitar of flaming.
Items here: ( )) ÷.
You see here an adder skeleton.
You see here a +0 long sword.
There is a stone staircase leading up here.
You fly upwards.
There is a stone staircase leading down here.
A Kafesafostru, a chaos spawn and a Hell Sentinel come into view.
Unknown command.
Blink to where?
Press: ? - help, Dir - move target
As you read the scroll of blinking, it crumbles to dust.
Kafesafostru moves out of view.
The chaos spawn moves out of view.
The Hell Sentinel moves out of view.
You have escaped!

.............§&§...>#
............1§§§..§.#
...............)..#.#
..........#4#>#.#.#.#
..........#.###.#.#)#
#####..#.....#....#.#
#####..#....###...#.#
..........### ###.#.#
######....## ##@.#.#
.#........>## #.#...#
..........#.# ##>.#.#
.#.#.......## ##.#.#
.#.#.##...### ###.#.#
.#.#........###...#.#
....####.....#....#.#
.#..####..#.###.#.#.#
.#....÷...#.#>#.#.#.#


There were no monsters in sight!

Vanquished Creatures
  Cerebov (Pan)
  Antaeus (Coc:7)
  Asmodeus (Geh:7)
  the Royal Jelly (Slime:5)
  Ignacio (Pan)
  Mnoleg (Pan)
  Lom Lobon (Pan)
  Ereshkigal (Tar:7)
  the Serpent of Hell (Dis:7)
  Gloorx Vloq (Pan)
  A seraph (Pan)
  Frederick (Crypt:3)
  6 dread liches
  11 orbs of fire
  6 ancient liches
  A juggernaut (Dis:7)
  28 royal mummies
  Bai Suzhen (Vaults:5)
  Vv (Zot:2)
  Parghit (Zot:2)
  Josephina (Crypt:3)
  7 Killer Klowns
  19 shard shrikes
  Margery (Depths:4)
  3 curse toes
  Geryon (Hell)
  6 golden dragons
  38 caustic shrikes
  Nikola (Shoals:3)
  8 profane servitors
  A mutant beast (WizLab)
  20 bone dragons
  2 pearl dragons (Pan)
  16 Brimstone Fiends
  4 electric golems
  4 iron giants
  5 doom hounds
  19 Tzitzimimeh
  11 tentacled monstrosities
  19 Ice Fiends
  A walking earthen tome (Depths:2)
  15 tainted leviathans
  17 Hell Sentinels
  Mlioglotl (Spider:1)
  19 hellephants
  28 searing wretches
  19 titans
  7 liches
  22 Orb Guardians (Zot:5)
  7 quicksilver dragons
  8 sphinxes
  9 death cobs
  4 deep elf blademasters
  2 deep elf master archers (Elf:3)
  The ghost of RandomusNamus the Minotaur Blade, an adept MiCA of Gozag (Spider:2)
  8 tentacled starspawn
  Polyphemus (Shoals:3)
  Frances (Elf:1)
  25 acid blobs
  A kraken (Shoals:4)
  34 ancient champions
  21 Executioners (Pan)
  12 storm dragons
  7 tengu reavers
  8 shadow dragons
  2 nagarajas (Pan)
  3 revenants
  4 rockslimes (Slime:5)
  A fenstrider witch (Pan)
  24 fire giants
  6 protean progenitors
  Donald (Vaults:2)
  23 daevas
  8 pandemonium lords (Pan)
  8 quicksilver elementals
  10 demonspawn warmongers (Pan)
  4 draconian knights
  14 narguns
  13 azure jellies
  10 frost giants
  8 draconian monks
  10 draconian shifters
  10 ghost moths
  10 emperor scorpions
  17 vault wardens
  10 shard shrike simulacra
  8 deep elf elementalists (Elf:3)
  11 draconian scorchers
  8 deep elf sorcerers
  3 iron dragons
  49 angels (Pan)
  3 curse skulls
  37 balrugs
  5 orc warlords
  A juggernaut zombie (Tomb:3)
  6 formless jellyfish
  13 cacodemons (Pan)
  A spriggan defender (Depths:4)
  Louise (Elf:2)
  6 juggernaut skeletons
  10 demonspawn blood saints (Pan)
  9 demonspawn corrupters (Pan)
  4 caustic shrike skeletons
  3 draconian annihilators
  A draconian stormcaller (Zot:3)
  19 reapers
  15 quicksilver oozes
  3 ghouls (Crypt:2)
  18 ironbound preservers
  27 stone giants
  13 ironbound thunderhulks
  29 ophanim (Pan)
  14 green draconians
  46 apis (Pan)
  10 demonspawn black suns (Pan)
  12 vampire knights
  25 very ugly things
  16 deep elf annihilators
  10 deep elf demonologists
  27 elemental wellsprings
  6 deep elf death magi
  3 broodmothers
  11 black draconians
  14 white draconians
  5 yellow draconians
  11 lorocyprocas
  16 war gargoyles
  8 spark wasps
  5 bennus
  10 red draconians
  4 dire elephants
  30 putrid mouths
  14 wendigos
  10 purple draconians
  4 eidola
  14 green deaths
  8 ettins
  4 jiangshi
  32 blizzard demons
  11 merfolk impalers
  A spectral iron giant (Tar:1)
  6 merfolk javelineers
  25 mummy priests
  A crystal guardian (Vaults:2)
  4 deep elf high priests
  7 entropy weavers
  5 fire dragons
  A spectral spriggan (Tar:3)
  Fannar (Lair:2)
  10 yaktaur captains
  10 great orbs of eyes
  31 vault guards
  11 rakshasas
  7 hydras
  2 catoblepae
  Harold (D:9)
  4 hell beasts (Pan)
  A sphinx zombie (Crypt:2)
  4 caustic shrike simulacra
  6 salamander tyrants
  2 alligators (Pan)
  An anaconda (Pan)
  4 jorogumos
  A peacekeeper (Vaults:2)
  The ghost of sychorax the Grappler, a novice TrEE of Cheibriados (Lair:1)
  6 spriggan air magi
  11 ice dragons
  8 ironbound frosthearts
  2 merfolk avatars
  A death knight (Crypt:3)
  8 juggernaut simulacra
  3 ogre magi
  8 radroaches
  3 satyrs
  8 two-headed ogres
  10 stokers
  15 centaur warriors
  4 alligator snapping turtles
  7 merfolk aquamancers
  20 hell hogs
  14 death yaks
  10 boulder beetles
  35 dancing weapons
  9 tengu warriors
  50 death scarabs
  8 deep troll shamans
  2 spectral dire elephants
  9 deep troll earth magi
  3 occultists
  13 demonic crawlers
  3 orc high priests
  12 vampire magi
  51 sun demons
  7 spriggan berserkers
  4 spectral emperor scorpions
  4 thrashing horrors
  35 hell knights
  A naga warrior (Abyss:4)
  9 wretched stars
  6 crystal echidnas
  2 hellephant skeletons (Pan)
  A shock serpent (shapeshifter) (WizLab)
  29 soul eaters
  12 iron trolls
  30 shadow wraiths
  16 deep elf knights
  2 titan skeletons
  3 skysharks (shapeshifter) (WizLab)
  Lodul (D:11)
  4 pharaoh ants
  2 spectral bunyips
  14 sixfirhies
  39 skeletal warriors
  An iron giant zombie (Crypt:2)
  A spatial maelstrom (Abyss:4)
  2 spectral anacondas
  An anaconda zombie (Crypt:3)
  28 cherubim (Pan)
  7 skysharks
  44 deep trolls
  7 arcanists
  9 flayed ghosts
  2 glowing orange brains (shapeshifter) (WizLab)
  11 orb spiders
  12 sun moths
  10 lindwurms
  5 quicksilver dragon simulacra
  12 glowing orange brains
  4 spriggan simulacra
  5 sea snakes
  2 anaconda skeletons
  19 shadow demons
  20 necromancers
  5 orange crystal statues
  A bog body (Crypt:2)
  12 deep elf archers
  8 thermic dynamos
  2 golden dragon skeletons
  A lightning spire (Abyss:4)
  7 harpies
  7 steelbarb worms
  23 ironbound convokers
  10 phantasmal warriors
  A jorogumo zombie (Crypt:1)
  35 ugly things
  34 deep elf zephyrmancers
  30 deep elf pyromancers
  14 wolf spiders
  A harpy (shapeshifter) (Depths:2)
  An iron giant skeleton (Crypt:3)
  14 orc knights
  2 spectral wolf spiders (Spider:2)
  8 orc sorcerers
  A shining eye (shapeshifter) (Vaults:1)
  13 manticores
  A faun (shapeshifter) (WizLab)
  3 fauns (Shoals:1)
  A moth of wrath (shapeshifter) (Vaults:4)
  A will-o-the-wisp (Abyss:4)
  A cyclops (shapeshifter) (Vaults:5)
  28 cyclopes
  A worldbinder (Abyss:1)
  Maurice (Orc:1)
  A manticore (shapeshifter) (Vaults:5)
  17 moths of wrath
  2 shining eyes
  A stone giant skeleton (Vaults:5)
  A spectral ettin (Tar:3)
  8 merfolk sirens
  13 elephants
  5 black mambas
  2 water nymphs (shapeshifter)
  3 rust devils
  An elephant (shapeshifter) (WizLab)
  An emperor scorpion simulacrum (Spider:2)
  3 apocalypse crabs
  38 smoke demons
  16 vault sentinels
  Joseph (D:9)
  6 meliai
  2 guardian serpents
  3 ice statues
  4 eyes of devastation
  A naga mage (Abyss:1)
  6 titan simulacra
  2 molten gargoyles (Volcano)
  An eye of devastation (shapeshifter) (Vaults:5)
  3 water nymphs
  A centaur skeleton (Crypt:3)
  2 gargoyles
  2 mana viper zombies (Crypt:3)
  8 torpor snails
  15 orange demons
  45 large abominations
  A dire elephant skeleton (Tomb:2)
  A storm dragon simulacrum (Coc:2)
  36 hellions
  A frost giant skeleton (Depths:1)
  13 cane toads
  2 rime drakes
  12 freezing wraiths
  Jeremiah (Lair:1)
  2 naga skeletons
  10 komodo dragons
  5 unseen horrors (Tar:7)
  2 bunyip simulacra
  26 yaktaurs
  12 efreet
  A yaktaur zombie (Vaults:3)
  A mana viper skeleton (Crypt:2)
  Psyche (D:12)
  7 ice devils
  A tengu conjurer (Depths:4)
  8 anaconda simulacra
  3 ghost moth simulacra (Spider:2)
  2 harpy zombies
  A spectral harpy (Tar:3)
  5 ancient zymes (Abyss:4)
  2 silent spectres
  An iron giant simulacrum (Coc:6)
  A spectral naga (Tar:3)
  A pale draconian skeleton (Crypt:2)
  45 guardian mummies
  22 tormentors
  2 golden dragon simulacra
  A troll (shapeshifter) (D:15)
  A great orb of eyes zombie (Crypt:1)
  26 merfolk
  4 red devils
  11 polar bears
  3 tyrant leeches
  26 tarantellas
  3 wind drakes (shapeshifter)
  34 hellwings
  10 hornets
  2 queen bees (shapeshifter)
  18 trolls
  22 wind drakes
  Prince Ribbit (D:5)
  2 alligator simulacra (IceCv)
  2 ettin zombies
  3 merfolk (shapeshifter)
  A wolf spider simulacrum (Spider:2)
  5 dream sheep
  A snapping turtle (shapeshifter) (WizLab)
  6 harpy skeletons
  2 shadow dragon simulacra
  12 glass eyes
  A spriggan zombie (D:15)
  10 snapping turtles
  An elf zombie (Vaults:3)
  A glass eye (shapeshifter) (WizLab)
  6 blink frogs
  98 slime creatures
  29 jumping spiders
  A spectral black mamba (Tar:1)
  A raiju (shapeshifter) (WizLab)
  3 iron dragon simulacra
  7 raiju
  3 centaur simulacra
  A stone giant simulacrum (Coc:1)
  49 yaks
  3 vampires
  A shadow (D:11)
  4 air elementals
  24 culicivoras
  6 wyverns
  14 wraiths
  7 dire elephant simulacra
  A satyr skeleton (Crypt:3)
  7 humans (Zot:3)
  17 water elementals
  4 spriggan skeletons
  2 spriggans (Depths:4)
  41 ynoxinuls
  19 ushabtiu
  A yak (shapeshifter) (D:13)
  3 fire elementals
  An alligator snapping turtle simulacrum (Coc:3)
  A basilisk (shapeshifter) (Elf:2)
  15 fire bats
  26 starcursed masses
  Grum (D:11)
  26 neqoxecs
  15 golden eyes
  8 basilisks
  4 steam dragons
  7 wargs
  54 redbacks
  A redback (shapeshifter) (WizLab)
  30 chaos spawn
  3 vampire mosquitoes (D:12)
  5 nagas
  10 harpy simulacra
  15 iron golems
  3 spatial vortices (Abyss:4)
  2 swamp worms (shapeshifter)
  4 hydra simulacra
  An acid dragon (D:11)
  2 naga zombies
  A glowing shapeshifter skeleton (Vaults:3)
  18 water moccasins
  10 hell hounds
  44 orc warriors
  2 ice beasts
  4 sky beasts
  10 black bears
  18 laughing skulls
  24 wolves
  7 ettin simulacra
  37 ogres
  8 centaurs
  A phantom (D:5)
  A torpor snail zombie (Crypt:1)
  A salamander zombie (Crypt:1)
  3 brain worms (Abyss:4)
  9 kobold brigands
  A rime drake skeleton (Crypt:2)
  2 weeping skulls
  13 bullfrogs
  A yaktaur skeleton (Crypt:2)
  A demonspawn simulacrum (Coc:1)
  3 naga simulacra
  21 small abominations
  6 scorpions
  2 earth elementals
  A wyvern skeleton (Crypt:2)
  20 wights
  A cyclops skeleton (Crypt:3)
  A human simulacrum (Vaults:5)
  7 killer bees
  7 howler monkeys
  An electric eel (Lair:2)
  4 lava snakes (Volcano)
  A quasit (Abyss:2)
  2 jellies (D:7)
  2 bombardier beetles (D:5)
  3 hounds
  17 orc priests
  A gnoll bouda (D:4)
  3 iguanas
  2 iron imps (Abyss:4)
  A sleepcap (D:4)
  Jessica (D:2)
  A scorpion zombie (Crypt:1)
  27 orc wizards
  A deep dwarf zombie (Crypt:3)
  45 mummies
  6 gnolls
  A howler monkey skeleton (Crypt:2)
  7 adders
  A shadow imp (Tar:7)
  3 white imps
  6 ufetubi
  A jelly zombie (Crypt:3)
  2 dart slugs
  2 ribbon worms
  95 orcs
  2 ball pythons
  5 endoplasms
  3 giant cockroaches
  A gnoll zombie (Crypt:3)
  6 goblins
  7 hobgoblins
  6 jackals
  3 quokkas
  4 bats
  An endoplasm zombie (Crypt:1)
  2 frilled lizards
  37 kobolds
  11 rats
  A rat skeleton (Crypt:1)
  An aspiring flesh (Zot:2)
  3 creeping infernos
  9 fire vortices
  2 lurking horrors (Dis:6)
  3 starspawn tentacles (Abyss:4)
  5 tentacles (Shoals:4)
4450 creatures vanquished.

Vanquished Creatures (collateral kills)
  3 royal mummies (Tomb:1)
  Jory (Vaults:2)
  Asterion (Elf:2)
  A daeva (Pan)
  A deep elf sorcerer (Elf:3)
  A nargun (Coc:7)
  A balrug (Pan)
  An ironbound preserver (Vaults:4)
  An ophan (Pan)
  A dire elephant (Lair:5)
  A bennu (Tomb:1)
  A spark wasp (Depths:4)
  2 vault guards
  A great orb of eyes (Vaults:3)
  A caustic shrike simulacrum (IceCv)
  A jorogumo (Spider:3)
  2 dancing weapons (Elf:2)
  2 death yaks (Lair:5)
  A demonic crawler (Spider:1)
  2 deep elf knights (Elf:2)
  A sun demon (Pan)
  A pharaoh ant (Spider:1)
  An orb spider (Spider:4)
  A steelbarb worm (Spider:1)
  An ugly thing (D:14)
  A manticore (Lair:5)
  A torpor snail (Lair:5)
  An efreet (Pan)
  A freezing wraith (IceCv)
  A guardian mummy (Crypt:3)
  2 tyrant leeches (Lair:5)
  A hornet (Lair:5)
  4 tarantellas
  A jumping spider (Spider:4)
  2 slime creatures (D:14)
  A culicivora (Spider:1)
  A spriggan (Depths:4)
  6 redbacks
  A spectral weapon (Elf:2)
55 creatures vanquished.

Vanquished Creatures (others)
  A hellephant (Geh:4)
  An Ice Fiend (Coc:4)
  A lich (Tomb:2)
  A wendigo (Coc:7)
  A blizzard demon (Pan)
  A green death (Pan)
  A jiangshi (Crypt:3)
  A juggernaut simulacrum (Coc:4)
  A deep elf knight (Elf:1)
  2 spriggan simulacra
  A titan simulacrum (Coc:3)
  A yaktaur (Vaults:1)
  An anaconda simulacrum (Coc:2)
  A tormentor (Coc:4)
  A shadow (D:11)
  A culicivora (Spider:4)
  A centaur simulacrum (Crypt:3)
  A dire elephant simulacrum (Coc:7)
  A water elemental (Elf:3)
  An ushabti (Tomb:3)
  A fire elemental (Elf:1)
  A golden eye (Abyss:4)
  A neqoxec (Pan)
  A spectral entropy weaver (Spider:2)
  2 hydra simulacra
  A naga simulacrum (Coc:2)
  A wight (D:8)
  6 ball lightnings (Pan)
  6 creeping infernos
  10 foxfires (Abyss:4)
  4 lurking horrors
  25 starspawn tentacles
  16 tentacles (Shoals:4)
96 creatures vanquished.

Grand Total: 4601 creatures vanquished

Notes
Turn   | Place    | Note
-------+----------+-------------------------------------------
     0 | D:1      | gimp the Draconian Gladiator began the quest for the Orb.
     0 | D:1      | Reached XP level 1. HP: 17/17 MP: 1/1
   116 | D:1      | Found a faded altar of an unknown god.
   149 | D:1      | Reached XP level 2. HP: 25/25 MP: 2/2
   838 | D:2      | Noticed Jessica
   840 | D:2      | Reached XP level 3. HP: 25/30 MP: 3/3
   867 | D:2      | Killed Jessica
  1009 | D:2      | Reached XP level 4. HP: 38/38 MP: 4/4
  1655 | D:3      | Found a radiant altar of Vehumet.
  1675 | D:3      | Reached skill level 5 in Long Blades
  1676 | D:3      | Reached XP level 5. HP: 38/46 MP: 5/5
  2244 | D:3      | Found a hide-covered altar of Uskayaw.
  2395 | D:3      | Found an opulent altar of Gozag.
  2784 | D:4      | Reached XP level 6. HP: 26/53 MP: 6/6
  3098 | D:4      | Reached skill level 5 in Fighting
  3167 | D:4      | Found a staircase to the Ecumenical Temple.
  3191 | Temple   | Entered the Ecumenical Temple
  3459 | D:5      | Entered Level 5 of the Dungeon
  3467 | D:5      | Your scales start taking on a lurid green colour.
  3467 | D:5      | Reached XP level 7. HP: 59/61 MP: 7/7
  3467 | D:5      | Gained mutation: Your system is resistant to poisons.
                  | (rPois) [Green Draconian growth]
  3616 | D:5      | Noticed Prince Ribbit
  3634 | D:5      | Killed Prince Ribbit
  4107 | D:5      | Reached XP level 8. HP: 37/68 MP: 8/8
  5136 | D:6      | Found Ganojo Sifo's Assorted Antiques.
  5195 | D:6      | Bought a scroll labelled NAB NILAA for 33 gold pieces
  5195 | D:6      | Bought a bubbling silvery potion for 29 gold pieces
  5195 | D:6      | Bought a yellow potion for 29 gold pieces
  5338 | D:6      | Reached skill level 5 in Dodging
  5809 | D:6      | Found a glowing silver altar of Zin.
  5809 | D:6      | Found an ancient bone altar of Kikubaaqudgha.
  6243 | D:6      | Identified the +7 whip "Eliu" {drain, Will+}
  6395 | D:7      | Reached skill level 10 in Long Blades
  6454 | D:7      | Gained mutation: Your muscles are strong. (Str +4, Int/Dex
                  | -1) [potion of mutation]
  6454 | D:7      | Gained mutation: You possess an exceptional clarity of
                  | mind. [potion of mutation]
  6454 | D:7      | Lost mutation: Your muscles are strong. (Str +4, Int/Dex
                  | -1) [potion of mutation]
  6460 | D:7      | Reached XP level 9. HP: 29/71 MP: 9/9
  6462 | D:7      | HP: 2/69 [wight/+1 spear of venom (3)]
  7533 | D:8      | Found a blossoming altar of Fedhas.
  7840 | D:8      | Reached XP level 10. HP: 38/81 MP: 4/10
  8091 | D:8      | Found a staircase to the Lair.
  8177 | D:8      | Found a white marble altar of Elyvilon.
  8212 | D:9      | Found the +5 Force Lance {heavy, knockback}
  8218 | D:9      | Found a staircase to the Orcish Mines.
  8232 | D:9      | Noticed Harold
  8254 | D:9      | Found a flagged portal.
  8270 | Bailey   | Entered a bailey
  8536 | Bailey   | Noticed an orc knight
  8569 | Bailey   | Identified the +11 hand axe "Buczymyqod" {heavy, rElec}
  8674 | Bailey   | Killed an orc knight
  8786 | Bailey   | Found a burning altar of Makhleb.
  9322 | D:9      | Noticed Joseph
  9480 | D:9      | Killed Joseph
  9686 | D:9      | Killed Harold
  9826 | D:9      | Found a shadowy altar of Dithmenos.
  9840 | D:9      | Found a runed translucent door.
  9860 | D:9      | Found a runed translucent door.
  9874 | D:9      | Found a runed translucent door.
  9897 | D:9      | Found a runed translucent door.
  9977 | D:10     | Entered Level 10 of the Dungeon
  9978 | D:10     | Noticed a gargoyle
 10012 | D:10     | Noticed a two-headed ogre
 10022 | D:10     | Killed a two-headed ogre
 10023 | D:10     | Reached XP level 11. HP: 17/86 MP: 2/11
 10244 | D:9      | Noticed an orange crystal statue
 10645 | D:10     | Reached skill level 1 in Evocations
 10840 | D:10     | Found a bloodstained altar of Trog.
 10849 | D:10     | Became a worshipper of Trog the Wrathful
 10959 | D:10     | Found a glowing golden altar of the Shining One.
 11254 | Orc:1    | Entered Level 1 of the Orcish Mines
 11254 | Orc:1    | Noticed Maurice
 11263 | Orc:1    | Maurice stole a +4 scimitar
 11265 | Orc:1    | Maurice stole 6 throwing nets
 11267 | Orc:1    | Killed Maurice
 11443 | Orc:1    | Reached * piety under Trog
 11525 | Orc:1    | Noticed Sonja
 11526 | Orc:1    | Noticed an orc high priest
 11535 | Orc:1    | Sonja changed into Sonja the hornet
 11535 | Orc:1    | Noticed Sonja
 11560 | D:9      | Killed Sonja the hornet
 11587 | Orc:1    | Killed an orc high priest
 11588 | Orc:1    | Reached skill level 10 in Dodging
 11882 | Orc:2    | Entered Level 2 of the Orcish Mines
 11899 | Orc:2    | Noticed an orc knight
 11909 | Orc:1    | Killed an orc knight
 11971 | Orc:2    | Noticed an orc sorcerer
 11987 | Orc:1    | Killed an orc sorcerer
 12009 | Orc:2    | Noticed an orc sorcerer
 12010 | Orc:2    | Paralysed by an orc sorcerer for 2 turns
 12012 | Orc:2    | Noticed an orc warlord
 12232 | Orc:2    | Found a dark tunnel.
 12244 | Volcano  | Entered a volcano
 12260 | Volcano  | Reached skill level 5 in Evocations
 12354 | Volcano  | Found a radiant altar of Vehumet.
 12354 | Volcano  | Noticed a lindwurm
 12369 | Volcano  | Killed a lindwurm
 12552 | Volcano  | Noticed a fire dragon
 12569 | Volcano  | Killed a fire dragon
 12766 | Volcano  | Reached XP level 12. HP: 83/94 MP: 6/12
 12883 | Orc:2    | Noticed an ogre mage
 12892 | Orc:2    | Paralysed by an ogre mage for 4 turns
 12893 | Orc:2    | Noticed a two-headed ogre
 12896 | Orc:2    | Noticed a two-headed ogre
 12901 | Orc:1    | Paralysed by an ogre mage for 4 turns
 12911 | Orc:1    | Killed an ogre mage
 13023 | Orc:2    | Killed a two-headed ogre
 13096 | Orc:2    | Killed a two-headed ogre
 13119 | Orc:2    | Noticed a two-headed ogre
 13129 | Orc:2    | Killed a two-headed ogre
 13793 | Orc:1    | Killed an orc warlord
 13793 | Orc:1    | Reached ** piety under Trog
 14565 | Orc:2    | Noticed an orc high priest
 14577 | Orc:2    | Killed an orc high priest
 14582 | Orc:2    | Found a roughly hewn altar of Beogh.
 14661 | Orc:2    | Found Ronly's Jewellery Shop.
 14680 | Orc:2    | Found Kooblo's Antique Armour Shop.
 14737 | Orc:2    | Found Yvaud's Antique Weapon Shop.
 14752 | Orc:2    | Found Noizxa's General Store.
 14874 | Orc:2    | Found Metil's Distillery.
 14881 | Orc:2    | Bought a potion of heal wounds for 50 gold pieces
 14881 | Orc:2    | Bought a potion of curing for 30 gold pieces
 14881 | Orc:2    | Bought a potion of curing for 30 gold pieces
 14881 | Orc:2    | Bought a potion of curing for 30 gold pieces
 14881 | Orc:2    | Bought a potion of curing for 30 gold pieces
 14881 | Orc:2    | Bought 2 potions of degeneration for 20 gold pieces
 14881 | Orc:2    | Bought a potion of cancellation for 80 gold pieces
 14923 | Orc:2    | Found a staircase to the Elven Halls.
 15165 | Orc:2    | Noticed an orc high priest
 15318 | Orc:2    | Killed an orc high priest
 15320 | Orc:2    | Reached *** piety under Trog
 15623 | Orc:2    | Reached skill level 10 in Evocations
 15818 | Orc:2    | Reached skill level 1 in Shields
 15874 | Orc:2    | Reached XP level 13. HP: 100/100 MP: 11/13
 15951 | Orc:2    | Paralysed by an orc sorcerer for 3 turns
 15982 | Orc:2    | Paralysed by an orc sorcerer for 2 turns
 16322 | Orc:2    | Noticed an orc warlord
 16334 | Orc:2    | Reached **** piety under Trog
 16342 | Orc:2    | Killed an orc warlord
 16485 | Orc:2    | Noticed an orc warlord
 16524 | Orc:2    | Killed an orc warlord
 16846 | Orc:1    | Found Ypaon's General Store.
 17202 | Lair:1   | Entered Level 1 of the Lair of Beasts
 17650 | Lair:1   | Noticed Jeremiah
 17667 | Lair:1   | Killed Jeremiah
 17706 | Lair:1   | Found a transporter.
 17713 | Lair:1   | Noticed sychorax's ghost (novice TrEE)
 17714 | Lair:1   | Found a transporter.
 18346 | Lair:1   | Reached skill level 5 in Shields
 18461 | Lair:2   | Found a staircase to the Shoals.
 18734 | Lair:3   | Found a sparkling altar of Nemelex Xobeh.
 18804 | Lair:3   | Reached ***** piety under Trog
 19482 | Lair:3   | Found a hole to the Spider Nest.
 19537 | Lair:3   | Gained mutation: Your tail ends in a venomous barb. [Green
                  | Draconian growth]
 19537 | Lair:3   | Reached XP level 14. HP: 80/116 MP: 9/14
 20943 | Lair:5   | Entered Level 5 of the Lair of Beasts
 21089 | Lair:5   | Received a gift from Trog
 21095 | Lair:5   | Found a staircase to the Slime Pits.
 21095 | Lair:5   | Found a viscous altar of Jiyva.
 21615 | Lair:5   | Reached skill level 10 in Fighting
 22521 | D:11     | Noticed Lodul
 22708 | D:11     | Found a sacrificial altar of Ru.
 22727 | D:11     | Noticed Grum
 22739 | D:11     | Killed Grum
 22931 | D:11     | Killed Lodul
 23480 | D:11     | Found Jaemnuny's Distillery.
 23488 | D:11     | Bought a potion of resistance for 100 gold pieces
 23488 | D:11     | Bought a potion of curing for 30 gold pieces
 23488 | D:11     | Bought a potion of curing for 30 gold pieces
 23488 | D:11     | Bought a potion of curing for 30 gold pieces
 23488 | D:11     | Bought 2 potions of heal wounds for 100 gold pieces
 23834 | D:12     | Reached skill level 15 in Dodging
 24085 | D:12     | Received a gift from Trog
 24109 | D:12     | Noticed Psyche
 24118 | D:12     | Killed Psyche
 24125 | D:12     | Identified the +0 trident of the Nine Curses {freeze,
                  | ^Drain rElec rN++}
 24630 | D:13     | Found Ciliat's Book Boutique.
 24855 | D:13     | Found Rudej's Weapon Boutique.
 24912 | D:13     | Found Cehi's Weapon Shoppe.
 25236 | D:13     | Reached XP level 15. HP: 65/130 MP: 5/15
 26193 | Lair:2   | Identified the +9 dagger "Keorgh" {protect, Will+}
 26235 | Lair:2   | Noticed Fannar
 26249 | Lair:2   | Killed Fannar
 26468 | Lair:2   | Reached skill level 10 in Shields
 27653 | Lair:5   | Received a gift from Trog
 28566 | D:14     | Found a gate to the Vaults.
 29021 | D:14     | Found an opulent altar of Gozag.
 29293 | D:14     | Found a portal to a secret trove of treasure.
 29721 | D:15     | Entered Level 15 of the Dungeon
 29722 | D:15     | Found a staircase to the Depths.
 30129 | D:15     | Reached XP level 16. HP: 126/144 MP: 13/16
 30932 | Orc:2    | Bought the amulet "Xylau" {Faith Fly rElec Str-2 Int+4} for
                  | 663 gold pieces
 31075 | Spider:1 | Entered Level 1 of the Spider Nest
 31540 | Spider:1 | Identified the +3 plate armour "Inneimm" {Str+6 Dex+3}
 31828 | Spider:1 | Received a gift from Trog
 32594 | Spider:1 | Noticed Mlioglotl
 32608 | Spider:1 | Killed Mlioglotl
 33908 | Spider:2 | Received a gift from Trog
 34139 | Spider:2 | Reached skill level 15 in Fighting
 34307 | Spider:2 | Found a transporter.
 34309 | Spider:2 | Found a transporter.
 34309 | Spider:2 | Noticed RandomusNamus's ghost (adept MiCA)
 35734 | Spider:3 | Identified the +3 dagger "Jith" {elec, rF+ rC- Int+2 Dex+6}
 35748 | Spider:3 | Reached XP level 17. HP: 156/156 MP: 17/17
 36492 | Spider:3 | Received a gift from Trog
 37495 | Spider:4 | Entered Level 4 of the Spider Nest
 40553 | Spider:4 | Reached skill level 15 in Shields
 40788 | Spider:4 | Got a gossamer rune of Zot
 41223 | Shoals:1 | Entered Level 1 of the Shoals
 41282 | Shoals:1 | Found a glacial archway.
 41341 | IceCv    | Entered an ice cave
 41348 | IceCv    | Received a gift from Trog
 43583 | Shoals:2 | Found Aziupn's Magic Scroll Shoppe.
 43613 | Shoals:2 | Reached XP level 18. HP: 128/163 MP: 18/18
 43717 | Shoals:2 | Bought a scroll of fog for 60 gold pieces
 43717 | Shoals:2 | Bought a scroll of blinking for 112 gold pieces
 43717 | Shoals:2 | Bought a scroll of teleportation for 45 gold pieces
 43717 | Shoals:2 | Bought a scroll of teleportation for 45 gold pieces
 43717 | Shoals:2 | Bought a scroll of teleportation for 45 gold pieces
 43995 | Shoals:2 | Bought a scroll of enchant weapon for 112 gold pieces
 44011 | Shoals:3 | Noticed Nikola
 44012 | Shoals:3 | Reached XP level 19. HP: 170/170 MP: 19/19
 44027 | Shoals:3 | Killed Nikola
 44968 | Shoals:3 | Noticed Polyphemus
 45005 | Shoals:3 | Killed Polyphemus
 45113 | Shoals:3 | Noticed Roxanne
 45219 | Shoals:4 | Entered Level 4 of the Shoals
 45648 | Shoals:4 | Received a gift from Trog
 47667 | Shoals:3 | Received a gift from Trog
 48568 | Shoals:4 | Got a barnacled rune of Zot
 49121 | Vaults:1 | Entered Level 1 of the Vaults
 50145 | Vaults:1 | Received a gift from Trog
 51155 | Vaults:2 | Noticed Mara
 51361 | Vaults:2 | Noticed gimp's illusion
 51580 | Vaults:2 | Noticed gimp's illusion
 51591 | Vaults:1 | Noticed gimp's illusion
 51893 | Vaults:2 | Reached XP level 20. HP: 178/178 MP: 20/20
 51928 | Vaults:2 | Received a gift from Trog
 51940 | Vaults:2 | Noticed Jory
 51972 | Vaults:2 | Noticed Donald
 52289 | Vaults:2 | Killed Jory
 52521 | Vaults:2 | Killed Donald
 52564 | Vaults:2 | Reached skill level 15 in Long Blades
 52947 | Vaults:2 | Found a staircase to the Crypt.
 52947 | Vaults:2 | Found a basalt altar of Yredelemnul.
 53032 | Vaults:2 | Found an ancient bone altar of Kikubaaqudgha.
 54549 | Vaults:3 | Received a gift from Trog
 55446 | Vaults:3 | Paralysed by a formless jellyfish for 1 turns
 56276 | Vaults:3 | Received a gift from Trog
 56554 | Vaults:3 | You are sucked into a shaft and drop 1 floor!
 56606 | Vaults:4 | Identified the +0 spear of the Wolf {distort, rElec rC-
                  | Dex+4}
 57616 | Vaults:4 | Received a gift from Trog
 57626 | Vaults:4 | Found Vuvoxke's Assorted Antiques.
 57883 | Vaults:4 | Reached XP level 21. HP: 110/184 MP: 21/21
 58376 | Vaults:4 | Bought 3 scrolls of teleportation for 198 gold pieces
 58376 | Vaults:4 | Bought a wand of light (6) for 554 gold pieces
 58376 | Vaults:4 | Bought a scroll of summoning for 209 gold pieces
 59262 | Lair:1   | Killed sychorax's ghost
 59573 | Spider:2 | Killed RandomusNamus's ghost
 59958 | Elf:1    | Entered Level 1 of the Elven Halls
 60022 | Elf:1    | Found a radiant altar of Vehumet.
 60118 | Elf:1    | Noticed Frances
 60126 | Elf:1    | Killed Frances
 60451 | Elf:1    | Identified the +4 scimitar "Olibboymn" {flame, rPois Will+}
                  | (Trog gifted it to you on level 1 of the Elven Halls)
 60451 | Elf:1    | Received a gift from Trog
 60778 | Elf:1    | Identified the ring "Vokkuil" {Fly rC- rN+ rCorr Dex+3}
 61533 | Elf:2    | Reached ****** piety under Trog
 61566 | Elf:2    | Noticed Louise
 61586 | Elf:2    | Killed Louise
 62104 | Elf:2    | Received a gift from Trog
 62143 | Elf:2    | Found a huge runed translucent gate.
 62143 | Elf:2    | Found a huge runed translucent gate.
 62143 | Elf:2    | Found a huge runed translucent gate.
 62143 | Elf:2    | Found a huge runed translucent gate.
 62143 | Elf:2    | Found a huge runed translucent gate.
 62240 | Elf:2    | Found Zepyuttu's Magic Scroll Emporium.
 62240 | Elf:2    | Found Nuzuer's Armour Shoppe.
 62248 | Elf:2    | Bought a scroll of teleportation for 57 gold pieces
 62248 | Elf:2    | Bought a scroll of fear for 76 gold pieces
 62545 | Elf:2    | Noticed Asterion
 63462 | Elf:2    | Killed Asterion
 63855 | Elf:3    | Entered Level 3 of the Elven Halls
 63856 | Elf:3    | Found Nuywal's Magic Scroll Emporium.
 63866 | Elf:3    | Bought a scroll of teleportation for 60 gold pieces
 63866 | Elf:3    | Bought a scroll of fog for 80 gold pieces
 64063 | Elf:3    | Identified the +7 flail of Purpose {freeze, Int+3 Stlth+}
 64394 | Elf:3    | Identified a scroll of acquirement
 64394 | Elf:3    | Found Saatyrr's Magic Scroll Emporium.
 64405 | Elf:3    | Acquired the ring of Taokhun {Will+ Str+4 Dex+6}
 64416 | Elf:3    | Bought a scroll of fear for 68 gold pieces
 64416 | Elf:3    | Bought a scroll of blinking for 127 gold pieces
 64416 | Elf:3    | Bought a scroll of teleportation for 51 gold pieces
 64416 | Elf:3    | Bought a scroll of teleportation for 51 gold pieces
 64465 | Elf:3    | Found Cuphaete's General Store.
 64682 | Elf:3    | HP: 9/282 [thermic dynamo (8)]
 65455 | Elf:3    | Identified the +4 chain mail "Pujuam" {rF+ rN+ SInv}
 65683 | Elf:3    | Received a gift from Trog
 66274 | Elf:3    | Identified the +4 plate armour of Parts Unknown {rF+
                  | Regen+}
 66278 | Elf:2    | Reached XP level 22. HP: 198/198 MP: 22/22
 66551 | Elf:3    | Identified the +6 triple sword "Spiderslayer" {freeze,
                  | rPois rCorr Int+2}
 66946 | Elf:3    | Identified the +5 mace "Demonslayer" {elec, rPois}
 66957 | Elf:3    | Received a gift from Trog
 67377 | Elf:3    | Acquired a manual of Shields
 67578 | Elf:3    | Bought a scroll of brand weapon for 133 gold pieces
 67602 | Elf:3    | Bought a scroll of enchant armour for 127 gold pieces
 67602 | Elf:3    | Bought a scroll of enchant armour for 127 gold pieces
 67655 | Elf:3    | Bought a scroll of enchant weapon for 150 gold pieces
 67878 | Depths:1 | Entered Level 1 of the Depths
 68241 | Depths:1 | Found a gateway to Hell.
 68384 | Depths:1 | Found a one-way gate to the infinite horrors of the Abyss.
 68794 | Depths:1 | Found Funaluh's Book Shop.
 68796 | Depths:1 | Found Raudiast's Jewellery Shoppe.
 68797 | Depths:1 | Found Kobbeq's Book Shop.
 69727 | Depths:1 | Found a one-way gate leading to the halls of Pandemonium.
 70368 | Depths:2 | Identified the +6 scimitar "Penoarr" {antimagic, Will+}
                  | (Trog gifted it to you on level 2 of the Depths)
 70368 | Depths:2 | Received a gift from Trog
 70844 | Depths:2 | Noticed a golden dragon
 70864 | Depths:2 | Noticed a caustic shrike
 71445 | Depths:2 | Killed a caustic shrike
 71651 | Depths:2 | Killed a golden dragon
 72014 | Depths:2 | Identified the +7 scimitar "Bagec" {antimagic, *Corrode
                  | rElec rC+++ Will+} (Trog gifted it to you on level 2 of the
                  | Depths)
 72014 | Depths:2 | Received a gift from Trog
 72026 | Depths:2 | Reached XP level 23. HP: 208/211 MP: 23/23
 73592 | Depths:3 | Found an ornate altar of the Wu Jian Council.
 73639 | Depths:4 | Entered Level 4 of the Depths
 73772 | Depths:4 | Found a one-way gateway to a ziggurat.
 73791 | Depths:4 | Received a gift from Trog
 73922 | Depths:4 | Identified the +11 hand axe of the Singing Gods {elec,
                  | rPois Int-5 SInv}
 74079 | Depths:4 | Found an iron altar of Okawaru.
 74429 | Depths:4 | Identified the ring "Dough" {MP+9 Str+6 Int+6}
 74743 | Depths:4 | Noticed Margery
 74758 | Depths:4 | Killed Margery
 74770 | Depths:4 | Received a gift from Trog
 75320 | Depths:4 | Reached skill level 5 in Throwing
 75733 | Depths:4 | Found a gate to the Realm of Zot.
 76001 | D:10     | Fell from the grace of Trog
 76001 | D:10     | Became a worshipper of the Shining One
 76225 | Crypt:1  | Entered Level 1 of the Crypt
 76341 | Crypt:1  | Reached * piety under the Shining One
 76492 | Crypt:1  | Found a blossoming altar of Fedhas.
 76695 | Crypt:1  | Reached ** piety under the Shining One
 76736 | Crypt:1  | Reached skill level 1 in Invocations
 76852 | Crypt:1  | Reached *** piety under the Shining One
 77234 | Crypt:1  | You are sucked into a shaft and drop 1 floor!
 77234 | Crypt:2  | Found a magical portal.
 77239 | WizLab   | Entered Cigotuvi's Fleshworks
 77257 | WizLab   | Reached **** piety under the Shining One
 77689 | WizLab   | Identified the amulet "Iroeraimy" {Rampage Regen+}
 77781 | WizLab   | Reached ***** piety under the Shining One
 78255 | WizLab   | Identified the flux talisman of Satisfaction {Str+5}
 78257 | WizLab   | Got Cigotuvi's Encyclopedia of Quickened Crysopoeia
 78258 | WizLab   | Identified the flux talisman of Parts Unknown {rC+}
 78276 | WizLab   | Reached skill level 5 in Invocations
 79172 | Crypt:2  | Reached ****** piety under the Shining One
 79189 | Crypt:2  | Identified a +7 eudemon blade of holy wrath (a +5 demon
                  | blade blessed by the Shining One)
 79189 | Crypt:2  | Received a gift from the Shining One
 79225 | Crypt:1  | Reached XP level 24. HP: 221/221 MP: 28/28
 80465 | Crypt:1  | Found a basalt altar of Yredelemnul.
 80503 | Crypt:3  | Entered Level 3 of the Crypt
 80823 | Crypt:3  | Identified the ring of Prescription {Ice Dex+3 SInv}
 80823 | Crypt:3  | Noticed Josephina
 80838 | Crypt:3  | Killed Josephina
 80866 | Crypt:3  | Identified the orb of the Boiling Point {light, rCorr}
 80866 | Crypt:3  | Noticed Frederick
 80875 | Crypt:3  | Killed Frederick
 80876 | Crypt:3  | Reached skill level 10 in Invocations
 80972 | Crypt:3  | Found a staircase to the Tomb.
 81180 | Crypt:3  | Noticed a dread lich
 81200 | Crypt:3  | Killed a dread lich
 81213 | Crypt:3  | Identified the staff "Qocusoxe" {rN+ MP+9 Stlth+ Necro}
 81213 | Crypt:3  | Noticed an ancient lich
 81213 | Crypt:3  | Noticed a dread lich
 81222 | Crypt:3  | Killed an ancient lich
 81229 | Crypt:3  | Killed a dread lich
 81239 | Crypt:3  | Identified the ring "Ogaosm" {rPois Str+6}
 81240 | Crypt:3  | Identified the ring of Hitureo {rF+ rC- Will++ rCorr MP+9}
 81241 | Crypt:3  | Identified the +9 short sword of Karma {elec, *Slow rElec
                  | rF+ Stlth+}
 81247 | Crypt:3  | Identified the +1 shortbow of Conformity {heavy, rPois}
 82000 | D:6      | Fell from the grace of the Shining One
 82000 | D:6      | Became a worshipper of Zin the Law-Giver
 82000 | D:6      | Reached * piety under Zin
 82000 | D:6      | Reached ** piety under Zin
 82000 | D:6      | Reached *** piety under Zin
 82000 | D:6      | Reached **** piety under Zin
 82000 | D:6      | Reached ***** piety under Zin
 82198 | Slime:1  | Entered Level 1 of the Pits of Slime
 82749 | Lair:5   | Donated 2053 gold pieces to Zin
 82940 | Lair:5   | Reached ****** piety under Zin
 83721 | Slime:5  | Entered Level 5 of the Pits of Slime
 83750 | Slime:5  | Noticed the Royal Jelly
 83770 | Slime:5  | Killed the Royal Jelly
 84065 | Slime:5  | HP: 8/221 [stone giant[the rage of Trog] (52)]
 84065 | Slime:5  | HP: 2/221 [polar bear[the rage of Trog] (6)]
 84072 | Slime:5  | Donated 1026 gold pieces to Zin
 84549 | Slime:4  | Paralysed by Trog for 3 turns
 86118 | Slime:5  | Identified the ring "Roanges" {Ice Will- Str+4 Int+4}
 86123 | Slime:5  | Found the +8 Wrath of Trog {antimagic, *Rage Rampage}
 86132 | Slime:5  | Got a slimy rune of Zot
 86140 | Slime:5  | Identified the ring "Uricvefi" {Fly rElec rPois Will+}
 86196 | Slime:5  | Paralysed by Trog for 5 turns
 86512 | Slime:5  | Identified the +7 trident of Ulisig {freeze, rF- Str+2
                  | Int+3 Dex+3}
 86524 | Slime:5  | Identified the +2 war axe "Byri" {vamp, rC+ Str+3 Int+2}
 86535 | Slime:5  | Reached XP level 25. HP: 219/227 MP: 33/33
 86590 | Slime:5  | Got the Handbook of the Sulphurous Glacier
 87301 | D:10     | Fell from the grace of Zin
 87301 | D:10     | Became a worshipper of the Shining One
 87445 | Depths:1 | Bought the amulet "Rydorr" {Acrobat Harm rF+ rC+ Will-} for
                  | 514 gold pieces
 87594 | D:14     | You paid a toll of 3 potions of resistance to enter a
                  | treasure trove
 87595 | Trove    | Entered a treasure trove
 87602 | Trove    | Identified the +1 cloak of Noliac {^Drain +Blink rF+
                  | Stlth+}
 87646 | Trove    | Identified the orb of Youthful Indiscretion {mayhem, Harm
                  | Dex+5 Summ}
 87647 | Trove    | Identified the +3 kite shield of Slovenliness {rElec rPois}
 87677 | Trove    | Identified the +2 pair of gloves "Gonoehel" {^Drain Str+4
                  | SInv Stlth+}
 87678 | Trove    | Identified the +1 pair of gloves of Midwinter {rC+ Dex+3}
 87712 | Trove    | Identified the -1 pair of boots of the Summoning Gods
                  | {rPois}
 87861 | Hell     | Entered the Vestibule of Hell
 87861 | Hell     | Noticed Geryon
 88072 | Depths:1 | Reached skill level 15 in Invocations
 88311 | Hell     | Killed Geryon
 88359 | Hell     | Found a gateway to the Iron City of Dis.
 88468 | Hell     | Found a gateway to the freezing wastes of Cocytus.
 88529 | Hell     | Was forgiven by Trog
 88565 | Hell     | Found a gateway to the decaying netherworld of Tartarus.
 88619 | Hell     | Found a gateway to the ashen valley of Gehenna.
 88753 | Pan      | Entered Pandemonium
 88885 | Pan      | Noticed Tetwus the pandemonium lord
 88889 | Pan      | Killed Tetwus the pandemonium lord
 89058 | Pan      | Noticed Ignacio
 89393 | Pan      | Noticed Motoiliq the pandemonium lord
 89408 | Pan      | Killed Motoiliq the pandemonium lord
 89650 | Pan      | Killed Ignacio
 90136 | Pan      | Found a white marble altar of Elyvilon.
 91974 | Pan      | Reached XP level 26. HP: 236/236 MP: 36/36
 94513 | Pan      | Found a glowing silver altar of Zin.
 95908 | Pan      | Identified the +1 ring mail "Vuruesaq" {rPois}
 95914 | Pan      | Identified the +10 arbalest of Disorder {freeze, Will+
                  | Str+3}
 95914 | Pan      | Identified the ring of the Sybil {Wiz Will- Str+4}
 96183 | Pan      | Identified the +2 leather armour of Qasch {MP-9 Dex+6
                  | Slay-2}
 96269 | Pan      | Noticed a seraph
 96291 | Pan      | Killed a seraph
 96535 | Pan      | Found a glowing golden altar of the Shining One.
 96579 | Pan      | Got a demonic rune of Zot
 96587 | Pan      | Identified the staff "Veimi" {rN+ Dex-3 SInv Necro Air}
 96713 | Depths:1 | Escaped Pandemonium
 96837 | Pan      | Entered Pandemonium
 96880 | Pan      | Noticed Jayc the pandemonium lord
 96890 | Pan      | Killed Jayc the pandemonium lord
 96907 | Pan      | Reached skill level 27 in Dodging
 97082 | Pan      | Identified the staff of Discord {rElec Int+3 Summ Air}
 97235 | Pan      | Entered the realm of Cerebov.
 97551 | Pan      | Identified the staff "Noeciuwa" {rPois rN+++ Dex-5 Hexes
                  | Earth}
 97563 | Pan      | Reached XP level 27. HP: 244/244 MP: 38/38
 97586 | Pan      | Learned a level 4 spell: Manifold Assault
 98029 | Pan      | Found the +6 sword of Cerebov {flame}
 98029 | Pan      | Noticed Cerebov
 98033 | Pan      | Identified the amulet "Hotulif" {Fly rF+ Regen+ Dex+2}
 98158 | Pan      | Killed Cerebov
 98384 | Pan      | Got a fiery rune of Zot
 98398 | Pan      | Identified the +6 spear "Hipaen" {holy, *Slow rPois SInv
                  | Stlth+}
 98486 | Pan      | Identified the +6 longbow "Hiusho Xoys" {heavy, rPois rF+
                  | rN+}
 98492 | Pan      | Identified the +1 leather armour "Leajuint" {rN+ Dex+2}
 98613 | Pan      | Identified the +3 hand axe of the Flying Gods {spect, rF+
                  | rC+}
 98727 | Pan      | Noticed Qoanufu the pandemonium lord
 98736 | Pan      | Killed Qoanufu the pandemonium lord
 98992 | Pan      | Identified the +1 pair of gloves "Evour" {rN+}
 99290 | Pan      | Identified the +8 hand axe of Greed {freeze, rC+ Will+}
 99600 | Pan      | Noticed Yrocw the pandemonium lord
 99905 | Pan      | Killed Yrocw the pandemonium lord
100558 | Pan      | Identified the +3 shortbow of Causality {heavy, Dex+5}
100684 | Pan      | Entered the realm of Gloorx Vloq.
100684 | Pan      | Noticed Gloorx Vloq
100695 | Pan      | Killed Gloorx Vloq
100723 | Pan      | Got a dark rune of Zot
101781 | Pan      | Found an exit through the horrors of the Abyss.
102079 | Pan      | Found a runed translucent door.
102082 | Pan      | Noticed Otukk the pandemonium lord
102085 | Pan      | Found a runed translucent door.
102086 | Pan      | Found a runed translucent door.
102098 | Pan      | Killed Otukk the pandemonium lord
102120 | Pan      | Found a runed translucent door.
102174 | Pan      | Noticed Donay the pandemonium lord
102189 | Pan      | Killed Donay the pandemonium lord
102377 | Pan      | Entered the realm of Lom Lobon.
103102 | Pan      | Found an exit through the horrors of the Abyss.
103842 | Pan      | Noticed Lom Lobon
103883 | Pan      | Killed Lom Lobon
104113 | Pan      | Got a magical rune of Zot
104239 | Pan      | Reached skill level 1 in Translocations
104241 | Pan      | Noticed Fyxewk the pandemonium lord
104249 | Pan      | Killed Fyxewk the pandemonium lord
104293 | Pan      | Reached skill level 27 in Invocations
104298 | Pan      | Entered the realm of Mnoleg.
104299 | Pan      | Gained mutation: Your large and strong wings let you fly.
                  | [a neqoxec]
104366 | Pan      | Noticed Mnoleg
104390 | Pan      | Killed Mnoleg
104416 | Pan      | Reached skill level 5 in Translocations
104435 | Pan      | Gained mutation: You are occasionally teleported next to
                  | monsters. [a neqoxec]
104655 | Pan      | Gained mutation: You do not regenerate when monsters are
                  | visible. [a cacodemon]
104656 | Pan      | Gained mutation: You are agile. (Dex +4, Str/Int -1) [a
                  | neqoxec]
104667 | Pan      | Gained mutation: Potions are less effective at restoring
                  | your health. [a neqoxec]
104686 | Pan      | Got a glowing rune of Zot
104694 | Pan      | Gained mutation: You occasionally lose the ability to read
                  | scrolls when taking damage. [a neqoxec]
104720 | Pan      | Lost mutation: Your large and strong wings let you fly.
                  | [potion of mutation]
104720 | Pan      | Lost mutation: You are occasionally teleported next to
                  | monsters. [potion of mutation]
104720 | Pan      | Gained mutation: You have large cloven feet. [potion of
                  | mutation]
104721 | Pan      | Lost mutation: Potions are less effective at restoring your
                  | health. [potion of mutation]
104721 | Pan      | Lost mutation: You possess an exceptional clarity of mind.
                  | [potion of mutation]
104721 | Pan      | Lost mutation: You are agile. (Dex +4, Str/Int -1) [potion
                  | of mutation]
104721 | Pan      | Gained mutation: You are dopey. (Int -2) [potion of
                  | mutation]
104721 | Pan      | Gained mutation: Your muscles are strong. (Str +4, Int/Dex
                  | -1) [potion of mutation]
104722 | Pan      | Lost mutation: You are dopey. (Int -2) [potion of mutation]
104722 | Pan      | Lost mutation: You do not regenerate when monsters are
                  | visible. [potion of mutation]
104722 | Pan      | Lost mutation: You occasionally lose the ability to read
                  | scrolls when taking damage. [potion of mutation]
104722 | Pan      | Gained mutation: You are agile. (Dex +4, Str/Int -1)
                  | [potion of mutation]
104722 | Pan      | Lost mutation: You are agile. (Dex +4, Str/Int -1) [potion
                  | of mutation]
104722 | Pan      | Gained mutation: You are robust. (+10% HP) [potion of
                  | mutation]
104851 | Depths:1 | Escaped Pandemonium
104904 | Depths:1 | Voluntarily entered the Abyss.
104905 | Abyss:1  | Found a corrupted altar of Lugonu.
104985 | Abyss:1  | Found a corrupted altar of Lugonu.
105026 | Abyss:1  | Found a corrupted altar of Lugonu.
105090 | Abyss:1  | Found a corrupted altar of Lugonu.
105221 | Abyss:2  | Found a corrupted altar of Lugonu.
105663 | Abyss:4  | Found a corrupted altar of Lugonu.
105832 | Abyss:4  | Paralysed by accursed screaming for 1 turns
105878 | Abyss:4  | Found a corrupted altar of Lugonu.
105980 | Abyss:4  | Found a corrupted altar of Lugonu.
105998 | Abyss:4  | Found a corrupted altar of Lugonu.
106076 | Depths:1 | Escaped the Abyss
106281 | Depths:1 | Voluntarily entered the Abyss.
106305 | Abyss:4  | Got an abyssal rune of Zot
106411 | Abyss:4  | Reached skill level 10 in Translocations
106512 | Depths:1 | Escaped the Abyss
106542 | Depths:1 | Bought a book of Cantrips for 176 gold pieces
106545 | Depths:1 | Learned a level 1 spell: Apportation
106831 | Zot:1    | Entered Level 1 of the Realm of Zot
107044 | Coc:1    | Entered Level 1 of Cocytus
108640 | Coc:7    | Entered Level 7 of Cocytus
108647 | Coc:7    | Paralysed by a wendigo for 1 turns
108660 | Coc:7    | Paralysed by a wendigo for 1 turns
108663 | Coc:7    | Reached skill level 27 in Fighting
109508 | Coc:7    | Noticed a dread lich
109533 | Coc:7    | Killed a dread lich
110567 | Coc:7    | Identified the +0 pair of boots "Ryssamer" {Harm Rampage
                  | Dex-4 Stlth+}
110571 | Coc:7    | Got the Reference Book on the Scorching Panacea
110773 | Coc:7    | Noticed Antaeus
110806 | Coc:7    | Killed Antaeus
110922 | Coc:7    | Identified the +0 ice dragon scales of Ymelish {+Inv rF-
                  | rC++ SInv}
110949 | Coc:7    | Got an icy rune of Zot
110958 | Coc:7    | Identified the staff "Kenniynali" {rC+ Will- Stlth+ Hexes
                  | Ice}
111333 | Vaults:5 | Entered Level 5 of the Vaults
111959 | Vaults:5 | Noticed an ancient lich
111968 | Vaults:5 | Killed an ancient lich
112210 | Vaults:5 | Noticed an ancient lich
112217 | Vaults:5 | Killed an ancient lich
112300 | Vaults:5 | Found Geashryre's Book Shoppe.
112439 | Vaults:5 | Identified the ring of the Cockroach {rN+ EV+5}
112569 | Vaults:5 | Got a silver rune of Zot
112576 | Vaults:5 | Noticed an ancient lich
112585 | Vaults:5 | Killed an ancient lich
112686 | Vaults:5 | Identified the staff of the Equator {rN+ Necro Alchemy}
112819 | Vaults:5 | Identified the +3 morningstar "Uhang" {freeze, +Blink rN+}
112886 | Vaults:5 | Identified the +8 trident of Bodily Harmony {pain, rC-
                  | Dex+5}
112941 | Vaults:5 | Noticed Bai Suzhen
112954 | Vaults:5 | Killed Bai Suzhen
112971 | Vaults:5 | Noticed an ancient lich
112982 | Vaults:5 | Killed an ancient lich
113234 | Vaults:5 | Identified the +7 chain mail of Tinenuta {Rampage +Inv SInv
                  | Stlth-}
113719 | Geh:1    | Entered Level 1 of Gehenna
116006 | Geh:7    | Entered Level 7 of Gehenna
117202 | Geh:7    | Noticed a dread lich
117204 | Geh:7    | Found the +13 sceptre of Asmodeus
117204 | Geh:7    | Noticed Asmodeus
117211 | Geh:7    | Killed a dread lich
117224 | Geh:7    | Killed Asmodeus
117694 | Geh:7    | Identified the +7 trident "Hydrabane" {heavy, Int+2 SInv}
117706 | Geh:7    | Identified the staff of Yggor {rPois rC+ Str+4 Stlth+
                  | Alchemy}
117709 | Geh:7    | Identified the staff "Kesauq" {rPois rF- rC+ Hexes Ice}
117752 | Geh:7    | Identified the amulet "Zauduats" {Faith Harm ^Fragile
                  | Int+4}
117762 | Geh:7    | Identified the +1 glaive of the Eight Planets {freeze,
                  | rPois rC++ Str-4 Int+2}
117770 | Geh:7    | Got an obsidian rune of Zot
117986 | Dis:1    | Entered Level 1 of the Iron City of Dis
119457 | Dis:4    | Reached skill level 27 in Shields
120305 | Dis:6    | Found a corrupted altar of Lugonu.
120572 | Dis:7    | Entered Level 7 of the Iron City of Dis
120856 | Dis:7    | Noticed a dread lich
120867 | Dis:7    | Killed a dread lich
121171 | Dis:7    | Reached skill level 15 in Evocations
121543 | Dis:7    | Noticed a dread lich
121554 | Dis:7    | Reached skill level 27 in Long Blades
121567 | Dis:7    | Killed a dread lich
121574 | Dis:7    | Noticed the Serpent of Hell
121598 | Dis:7    | Killed the Serpent of Hell
122050 | Dis:7    | Noticed a juggernaut
122055 | Dis:7    | Killed a juggernaut
122069 | Dis:7    | Noticed Dispater
122074 | Dis:7    | Found the +18 shield of the Gong {Loud rN+ Will+ rCorr
                  | EV-5}
122085 | Dis:7    | Got an iron rune of Zot
122253 | Tar:1    | Entered Level 1 of Tartarus
122773 | Tar:5    | You are sucked into a shaft and drop 1 floor!
122824 | Tar:7    | Entered Level 7 of Tartarus
124074 | Tar:7    | Noticed Ereshkigal
124097 | Tar:7    | Killed Ereshkigal
124402 | Tar:7    | Got a bone rune of Zot
125309 | Tar:7    | Got the Almanac of Transposition
126045 | Tar:7    | Identified the +7 morningstar "Tessiu" {freeze, Dex+3}
126063 | Tar:7    | Found the +6 Majin-Bo {spellvamp, MP+6 Int+6}
126111 | Tar:7    | Found the +7 sceptre of Torment {pain, torment}
126122 | Tar:7    | Identified the ring "Gifiusa" {*Slow rPois rF+ Will+ Int+6}
126173 | Tar:7    | Identified the orb of Luiqysat {mayhem, rC- rN+++ SInv
                  | Alchemy}
126195 | Tar:7    | Identified the staff of Devotion {^Fragile +Blink rF+ Dex+3
                  | Fire}
126205 | Tar:7    | Identified the +4 sling of Wiuraug {freeze, Str+3 Int+3
                  | Dex+2}
126314 | Tar:7    | Found the +10 Black Knight's barding {ponderous, rPois rN+}
126328 | Tar:7    | Identified the ring "Pudeo" {+Blink Fly Will- Str+3}
126822 | Tomb:1   | Entered Level 1 of the Tomb of the Ancients
127421 | Tomb:1   | Learned a level 2 spell: Blink
127434 | Tomb:1   | Noticed a royal mummy
127460 | Tomb:1   | Killed a royal mummy
127885 | Tomb:2   | Noticed a royal mummy
127896 | Tomb:2   | Killed a royal mummy
128210 | Tomb:2   | Noticed a royal mummy
128221 | Tomb:2   | Killed a royal mummy
128239 | Tomb:2   | Noticed a royal mummy
128239 | Tomb:2   | Noticed a royal mummy
128259 | Tomb:2   | Killed a royal mummy
128261 | Tomb:2   | Killed a royal mummy
129201 | Tomb:1   | Noticed a royal mummy
129201 | Tomb:1   | Noticed a royal mummy
129210 | Tomb:1   | Killed a royal mummy
129220 | Tomb:1   | Killed a royal mummy
129222 | Tomb:1   | Noticed a royal mummy
129222 | Tomb:1   | Noticed a royal mummy
129224 | Tomb:1   | Killed a royal mummy
129230 | Tomb:1   | Killed a royal mummy
129303 | Tomb:1   | Noticed a royal mummy
129311 | Tomb:1   | Killed a royal mummy
129339 | Tomb:1   | Noticed a royal mummy
129350 | Tomb:1   | Killed a royal mummy
129351 | Tomb:1   | Noticed a royal mummy
129351 | Tomb:1   | Noticed a royal mummy
129387 | Tomb:1   | Killed a royal mummy
129392 | Tomb:1   | Killed a royal mummy
129478 | Tomb:1   | Noticed a royal mummy
129484 | Tomb:1   | Killed a royal mummy
129601 | Tomb:1   | Noticed a royal mummy
129612 | Tomb:1   | Killed a royal mummy
129621 | Tomb:1   | Noticed a royal mummy
129628 | Tomb:1   | Killed a royal mummy
129942 | Tomb:1   | Noticed a royal mummy
129956 | Tomb:1   | Killed a royal mummy
130180 | Tomb:1   | Noticed a royal mummy
130190 | Tomb:1   | Killed a royal mummy
130194 | Tomb:1   | Noticed a royal mummy
130198 | Tomb:1   | Killed a royal mummy
130199 | Tomb:1   | Noticed a royal mummy
130203 | Tomb:1   | Killed a royal mummy
130230 | Tomb:1   | Noticed a royal mummy
130238 | Tomb:1   | Killed a royal mummy
130253 | Tomb:1   | Noticed a royal mummy
130262 | Tomb:1   | Killed a royal mummy
131212 | Tomb:3   | Entered Level 3 of the Tomb of the Ancients
131235 | Tomb:3   | Found the +8 autumn katana {manifold assault}
131235 | Tomb:3   | Found the ring of the Hare {EV+10}
131235 | Tomb:3   | Found the +5 robe of Night {Dark Will+ SInv}
131286 | Tomb:3   | Noticed a royal mummy
131291 | Tomb:3   | Noticed a royal mummy
131299 | Tomb:3   | Killed a royal mummy
131307 | Tomb:3   | Noticed a royal mummy
131308 | Tomb:3   | Noticed a royal mummy
131309 | Tomb:3   | Noticed a royal mummy
131310 | Tomb:3   | Noticed a royal mummy
131310 | Tomb:3   | Noticed a royal mummy
131319 | Tomb:3   | Killed a royal mummy
131321 | Tomb:3   | Killed a royal mummy
131323 | Tomb:3   | Killed a royal mummy
131323 | Tomb:3   | Killed a royal mummy
131327 | Tomb:3   | Killed a royal mummy
131352 | Tomb:3   | Noticed a royal mummy
131362 | Tomb:3   | Killed a royal mummy
131362 | Tomb:3   | Noticed a royal mummy
131363 | Tomb:3   | Killed a royal mummy
131370 | Tomb:3   | Killed a royal mummy
131741 | Tomb:3   | Got the Volume of Charged Hexes
131742 | Tomb:3   | Identified the orb of Impatience {*channel, Will- Regen+
                  | Str+7 Int-4}
131748 | Tomb:3   | Got the Atlas of the Shot and Firn
131784 | Tomb:3   | Identified the +3 mace of the Modern God {antimagic, rC+
                  | Str+3 Dex+4}
131873 | Tomb:3   | Got a golden rune of Zot
132795 | Zot:1    | Reached skill level 27 in Evocations
133391 | Zot:2    | Noticed Parghit
133420 | Zot:2    | Reached skill level 15 in Translocations
133830 | Zot:2    | Killed Parghit
134191 | Zot:2    | Found a bloodstained altar of Trog.
134202 | Zot:2    | Noticed an orb of fire
134202 | Zot:2    | Gained mutation: Your magical capacity is low. (-10% MP)
                  | [an orb of fire]
134217 | Zot:2    | Killed an orb of fire
134851 | Zot:3    | Noticed Vv
134890 | Zot:2    | Killed Vv
136947 | Zot:5    | Entered Level 5 of the Realm of Zot
137003 | Zot:5    | Noticed an orb of fire
137003 | Zot:5    | Noticed an orb of fire
137017 | Zot:5    | Gained mutation: Your spells are a little easier to cast,
                  | but a little less powerful. [an orb of fire]
137019 | Zot:5    | Gained mutation: You are clumsy. (Dex -2) [an orb of fire]
137022 | Zot:5    | Gained mutation: You occasionally lose the ability to drink
                  | potions when taking damage. [an orb of fire]
137025 | Zot:5    | Killed an orb of fire
137035 | Zot:5    | Killed an orb of fire
137491 | Zot:5    | Noticed an orb of fire
137494 | Zot:5    | Noticed an orb of fire
137499 | Zot:5    | Lost mutation: Your muscles are strong. (Str +4, Int/Dex
                  | -1) [an orb of fire]
137501 | Zot:5    | Noticed an orb of fire
137505 | Zot:5    | Killed an orb of fire
137508 | Zot:5    | Lost mutation: You are robust. (+10% HP) [an orb of fire]
137509 | Zot:5    | Killed an orb of fire
137510 | Zot:5    | Gained mutation: Your spells are easier to cast, but less
                  | powerful. [an orb of fire]
137510 | Zot:5    | Noticed an ancient lich
137511 | Zot:5    | Gained mutation: You are vulnerable to heat. (rF-) [an orb
                  | of fire]
137516 | Zot:5    | Killed an orb of fire
137520 | Zot:5    | Killed an ancient lich
137605 | Zot:5    | Lost mutation: You are vulnerable to heat. (rF-) [potion of
                  | mutation]
137605 | Zot:5    | Lost mutation: You have large cloven feet. [potion of
                  | mutation]
137605 | Zot:5    | Lost mutation: You are clumsy. (Dex -2) [potion of
                  | mutation]
137605 | Zot:5    | Gained mutation: Your tail ends in a sharp venomous barb.
                  | [potion of mutation]
137605 | Zot:5    | Gained mutation: You have a pair of small horns on your
                  | head. [potion of mutation]
137606 | Zot:5    | Lost mutation: You occasionally lose the ability to drink
                  | potions when taking damage. [potion of mutation]
137606 | Zot:5    | Lost mutation: Your tail ends in a sharp venomous barb.
                  | [potion of mutation]
137606 | Zot:5    | Lost mutation: You have a pair of small horns on your head.
                  | [potion of mutation]
137606 | Zot:5    | Gained mutation: You have supernaturally acute eyesight.
                  | (SInv) [potion of mutation]
137606 | Zot:5    | Lost mutation: Your spells are easier to cast, but less
                  | powerful. [potion of mutation]
138027 | Zot:5    | Noticed an orb of fire
138036 | Zot:5    | Noticed an orb of fire
138039 | Zot:5    | Killed an orb of fire
138040 | Zot:5    | Noticed an orb of fire
138043 | Zot:5    | Gained mutation: Your body sometimes deteriorates upon
                  | taking damage. [an orb of fire]
138045 | Zot:5    | Noticed an orb of fire
138051 | Zot:5    | Gained mutation: Your body often deteriorates upon taking
                  | damage. [an orb of fire]
138056 | Zot:5    | Gained mutation: Your health recovers twice as slowly from
                  | being drained. [an orb of fire]
138057 | Zot:5    | Lost mutation: Your health recovers twice as slowly from
                  | being drained. [an orb of fire]
138058 | Zot:5    | Killed an orb of fire
138064 | Zot:5    | Noticed an orb of fire
138065 | Zot:5    | Killed an orb of fire
138068 | Zot:5    | Gained mutation: You sometimes lose your temper in combat.
                  | [an orb of fire]
138071 | Zot:5    | Killed an orb of fire
138076 | Zot:5    | Killed an orb of fire
138113 | Zot:5    | Lost mutation: Your spells are a little easier to cast, but
                  | a little less powerful. [potion of mutation]
138113 | Zot:5    | Lost mutation: Your body often deteriorates upon taking
                  | damage. [potion of mutation]
138113 | Zot:5    | Gained mutation: Your flesh is heat resistant. (rF+)
                  | [potion of mutation]
138114 | Zot:5    | Lost mutation: Your body sometimes deteriorates upon taking
                  | damage. [potion of mutation]
138114 | Zot:5    | Lost mutation: You sometimes lose your temper in combat.
                  | [potion of mutation]
138114 | Zot:5    | Lost mutation: Your magical capacity is low. (-10% MP)
                  | [potion of mutation]
138114 | Zot:5    | Gained mutation: Your flesh is cold resistant. (rC+)
                  | [potion of mutation]
138114 | Zot:5    | Gained mutation: You are weak. (Str -2) [potion of
                  | mutation]
138114 | Zot:5    | Gained mutation: Your tail ends in a sharp venomous barb.
                  | [potion of mutation]
138252 | Zot:5    | Got the Orb of Zot
138304 | Zot:5    | Noticed a seraph
138464 | Depths:2 | Noticed Opialaon the pandemonium lord
138465 | Depths:2 | Gained mutation: You do not regenerate when monsters are
                  | visible. [a neqoxec]
138551 | D:11     | Noticed Sotumice the pandemonium lord
138632 | D:9      | Noticed Juewnij the pandemonium lord
138741 | D:1      | Noticed Kafesafostru the pandemonium lord
138743 | D:$      | Escaped with the Orb!

Illustrated notes

Levels and vault maps discovered:
D:1:      onia_arrival_handbag, layout_basic, basic_ecumenical_altar
D:2:      layout_rooms, hangedman_abyss_or_decor_lesser_grid,
          hangedman_decor_slide_cut, uniq_jessica
D:3:      layout_basic, eat_drink_and_be_merry_uskayaw, vehumet_crystals,
          mainiacjoe_overflow_alcove_4
D:4:      layout_basic, minmay_temple_entry_nine_rooms
D:5:      layout_cave_pods, grunt_ministairs_1, uniq_prince_ribbit1
D:6:      layout_loops_ring, gammafunk_temple_overflow_pools, serial_shops, shop
D:7:      layout_loops_ring
D:8:      layout_basic, marbit_many_paths, nicolae_overflow_crystal_walls,
          lair_entry_dummy
D:9:      layout_cross, mainiacjoe_overflow_boulevard, orc_0_dummy,
          enter_bailey_4, minmay_statue_crystal_thing, uniq_joseph, uniq_harold
D:10:     layout_basic, mainiacjoe_overflow_alcove_2, mainiacjoe_overflow_paths
D:11:     layout_cave_pools, serial_shops, shop, nicolae_eternal_life,
          minivault_16, minmay_ruined_shrine, uniq_lodul, uniq_grum
D:12:     layout_basic, nrook_campfire, uniq_psyche
D:13:     layout_gridville, serial_shops, nicolae_shop_back_alley_shop,
          nicolae_shop_tiny_real_fake_doors, shop
D:14:     layout_cave_pods, david_vaults_4, grunt_gozag_breadcrumbs,
          enter_trove_6
D:15:     gammafunk_depths_entry_grave, layout_rooms, st_stairs_3,
          minmay_alternating_orb
Temple:   nicolae_temple_ecumenical_triangle
Lair:1:   layout_small_grid, gammafunk_ghost_arena, grunt_megastairs_1,
          lemuel_fruit_fields, serial_bayou_shore_b, uniq_jeremiah
Lair:2:   layout_misc_corridors, shoals_dummy_entry, pdpol_lair_cavern_descent,
          grunt_megastairs_2, uniq_fannar
Lair:3:   layout_gridlike, nicolae_spider_entry_non_spiders, basic_altar,
          lemuel_fruit_fields, serial_bayou_shore_b
Lair:4:   layout_gridlike, eino_small_chamber_without_monster
Lair:5:   wormcave, layout_regular_city, hangedman_lair_in_review,
          slime_entry_1, serial_bayou_pond_a
Shoals:1: layout_shoals, portal_ice_cave_entry_ice_statue_one,
          nicolae_shoals_water_shrine
Shoals:2: layout_shoals, serial_shops, nicolae_shop_gibbet_a_chance
Shoals:3: layout_shoals, uniq_polyphemus, uniq_nikola, uniq_roxanne
Shoals:4: shoals_end_grunt_ice, layout_shoals,
          nicolae_shoals_stone_sculpture_thing
Spider:1: layout_spider_delve, nicolae_spider_webbed_stairs, uniq_mlioglotl
Spider:2: layout_spider_delve, gammafunk_ghost_mausoleum
Spider:3: layout_spider_delve
Spider:4: grunt_spider_rune_circles
Slime:1:  layout_caves
Slime:2:  layout_caves
Slime:3:  layout_caves
Slime:4:  layout_caves
Slime:5:  slime_pit_nicolae_amoeboid
Orc:1:    layout_caves, serial_shops, shop_fountains, uniq_maurice, uniq_sonja
Orc:2:    grunt_orc_cross, layout_caves, serial_shops, nicolae_square_shop,
          enter_volcano_2, minmay_orc_treasury
Elf:1:    eino_elf_arrival_altar, layout_geoelf_octagon,
          hangedman_corner_corridor, uniq_frances
Elf:2:    elven_hall_of_blades_hangedman_alternative
          [nooodl_blade_entry_preview], layout_gridlike, minmay_curled_crystal,
          st_stairs_6, minmay_shoptagon, uniq_asterion, uniq_louise
Elf:3:    minmay_elf_hall_circle, layout_geoelf_octagon, serial_shops, shop,
          nicolae_shop_tiny_statue_garden, shop
Vaults:1: v_misc_9, hangedman_vaults_unwind, v_rooms_3,
          hangedman_vaults_slither, nicolae_vaults_mush_room,
          nicolae_vaults_hallways_thing, nicolae_vaults_house_3,
          ontoclasm_vaults_gateway, nicolae_vaults_heart-shaped_vault,
          nicolae_vaults_double_plus_1, layout_vaults_omnicross
Vaults:2: minmay_crypt_entry_necro_gods, v_rooms_5, v_alt_pattern_5,
          v_pattern_1, ontoclasm_vaults_shuriken, nicolae_vaults_rhombus_6,
          nicolae_vaults_sightless_eye, nicolae_vaults_storage_closets_3,
          v_misc_28, nicolae_vaults_circle_grid_b, vaults_room_large_hall,
          nicolae_vaults_tetromino_L_1, ontoclasm_vaults_tryst,
          vaults_dpeg_ring, v_misc_16, layout_vaults_omnibox, uniq_mara,
          uniq_donald, uniq_jory
Vaults:3: v_rooms_6, ontoclasm_vaults_fault, nicolae_vaults_network_s,
          nicolae_vaults_tetromino_Z_1, v_misc_31, vaults_mumra_lcd,
          ontoclasm_vaults_ring_small, nicolae_vaults_heart-shaped_vault,
          vaults_room_fancy_cross, nicolae_vaults_diamond_1,
          nicolae_vaults_double_plus_1, layout_vaults_omnigrid
Vaults:4: nicolae_vaults_stepped_doors, v_rooms_5, hangedman_vaults_nails,
          nicolae_vaults_shelves_hall, nicolae_vaults_shelves_hall,
          nicolae_vaults_weapon_check, nicolae_vaults_cochlea,
          lightli_orcish_oven, nicolae_vaults_gold_heap, layout_vaults_big_room,
          serial_shops, shop_statue
Vaults:5: uniq_bai_suzhen
Crypt:1:  layout_misc_corridors, corner_web_ring, nicolae_crypt_fedhas_prevails,
          nicolae_crypt_lurching_hallway, lemuel_upstairs_altar
Crypt:2:  layout_misc_corridors, infiniplex_enter_wizlab_spiral,
          minmay_misc_feat_columns
Crypt:3:  david_glass_crypt, layout_gridlike, tomb_entry_shell_bobbens,
          roderic_lattice_octagonal_star, uniq_frederick, uniq_josephina
Tomb:1
Tomb:2
Tomb:3
Depths:1: layout_honeycomb, serial_bayou_pond_b, rand_demon_pan_entry_9,
          hell_entry, nicolae_abyss_entry_one_way_or_another,
          dpeg_stationary_puzzle, minmay_shop_grove
Depths:2: hangedman_stitches_corridor, layout_gridlike, rand_demon_pan_entry_5,
          minmay_misc_feat_diagonals, hell_entry, infiniplex_staircase_pillars_1
Depths:3: evilmike_inaccessible_box, layout_cave_pools,
          hangedman_abyss_entry_splay, hell_entry, serial_bayou_ford_a,
          grunt_ministairs_8, nicolae_wu_jian_immortal_techniques, uniq_grunn
Depths:4: evilmike_zot_entry_hall, layout_basic, enter_ziggurat_a,
          grunt_metal_band, okawaru_ov_weapons_minmay
Hell
Dis:1:    layout_regular_city
Dis:2:    layout_gridville, nicolae_hells_seeping_fissure
Dis:3:    layout_regular_city, nicolae_dis_fourth_circle
Dis:4:    layout_subdivisions
Dis:5:    layout_jigsaw
Dis:6:    layout_gridville, amcnicky_altar_lugonu_corruption
Dis:7:    dis_hangedman
Geh:1:    layout_gehenna_pools_box
Geh:2:    layout_gehenna_pools_box
Geh:3:    layout_gehenna_pools_triple
Geh:4:    layout_gehenna_pools_triple
Geh:5:    layout_gehenna_pools_triple
Geh:6:    layout_gehenna_lava_caves
Geh:7:    geh_mu
Coc:1:    layout_cocytus_water_paths
Coc:2:    layout_cocytus_water_paths
Coc:3:    layout_cocytus_water_paths
Coc:4:    layout_ice_bergs
Coc:5:    layout_ice_bergs
Coc:6:    layout_cocytus_water_paths
Coc:7:    coc_grunt_cove [coc_grunt_cove_antaeus, coc_grunt_cove_fiend,
          coc_grunt_cove_fiend, coc_grunt_cove_fiend, coc_grunt_cove_fiend]
Tar:1:    layout_grid_maze
Tar:2:    layout_grid_maze
Tar:3:    layout_honeycomb
Tar:4:    layout_cathedral_of_symmetry
Tar:5:    layout_honeycomb
Tar:6:    layout_grid_maze, nicolae_tar_cuneiform_bird
Tar:7:    tar_mu [tar_mu_maze]
Zot:1:    layout_gridlike
Zot:2:    layout_twisted_circle, basic_altar, hangedman_zot_decor_tridents,
          uniq_parghit
Zot:3:    circus_mu, layout_basic, regret_index_zotdec_bone_old,
          grunt_ministairs_5, lemuel_baited_zot_trap, uniq_vv
Zot:4:    layout_misc_corridors, lemuel_elevator
Zot:5:    layout_gridville, regret_index_zotdec_carving_tricks,
          regret_index_zotdec_slimy_original, lemuel_lake_of_fire

Skill      XL: |  1  2  3  4  5  6  7  8  9 10 11 12 13 14 15 16 17 18 19 20 21 22 23 24 25 26 27 |
---------------+----------------------------------------------------------------------------------+-----
Fighting       | 3 4 5 8 11 13 15 16 18 19 27 | 27.0
Long Blades    | 4 5 6 8 10 12 14 17 18 27 | 27.0
Dodging        | 4 5 7 9 11 12 14 15 16 17 19 20 21 22 23 24 25 26 27 | 27.0
Evocations     | 6 10 11 13 27 | 27.0
Shields        | 1 6 9 11 13 15 16 18 19 20 27 | 27.0
Throwing       | 6 |  6.0
Invocations    | 6 14 19 22 27 | 27.0
Translocations | 23 | 23.1

Action                     |  1- 3 |  4- 6 |  7- 9 | 10-12 | 13-15 | 16-18 | 19-21 | 22-24 | 25-27 || total
---------------------------+-------+-------+-------+-------+-------+-------+-------+-------+-------++-------
  Melee: Long sword        |    88 |   225 |   131 |       |       |       |       |       |       ||   444
         Tailslap          |     8 |    26 |    55 |   139 |   465 |   396 |   755 |   880 |  1974 ||  4698
         Falchion          |       |       |    85 |       |       |       |       |       |       ||    85
         Scimitar          |       |       |   103 |   848 |  2007 |   563 |   408 |   119 |       ||  4048
         Demon blade       |       |       |       |       |       |  1166 |  2574 |    37 |       ||  3777
         Double sword      |       |       |       |       |       |       |    89 |  2456 |  2734 ||  5279
         Eudemon blade     |       |       |       |       |       |       |       |   365 |  3725 ||  4090
         Katana            |       |       |       |       |       |       |       |       |  1089 ||  1089
  Throw: Throwing net      |       |       |     2 |       |       |       |       |       |       ||     2
         Dart              |       |       |       |     9 |     7 |       |       |       |     1 ||    17
   Cast: Manifold Assault  |       |       |       |       |       |       |       |       |    68 ||    68
         Apportation       |       |       |       |       |       |       |       |       |     2 ||     2
 Invoke: Berserk           |       |       |       |    11 |     9 |    13 |     7 |       |       ||    40
         Trog's Hand       |       |       |       |       |     4 |     4 |    19 |     7 |       ||    34
         Brothers in Arms  |       |       |       |       |     3 |     8 |     8 |     1 |       ||    20
         Brand Weapon With |       |       |       |       |       |       |       |     1 |       ||     1
         Vitalisation      |       |       |       |       |       |       |       |     4 |       ||     4
         Sanctuary         |       |       |       |       |       |       |       |     4 |       ||     4
         Donate Gold       |       |       |       |       |       |       |       |     2 |       ||     2
         Cleansing Flame   |       |       |       |       |       |       |       |       |   119 ||   119
         Divine Shield     |       |       |       |       |       |       |       |       |    12 ||    12
         Summon Divine War |       |       |       |       |       |       |       |       |     8 ||     8
Ability: Noxious Breath    |       |       |     6 |    10 |     4 |     3 |     4 |     1 |       ||    28
  Evoke: Wand              |       |     4 |     2 |     5 |     1 |    37 |    25 |    10 |     9 ||    93
         Condenser vane    |       |       |       |       |       |       |     3 |     4 |     2 ||     9
         Phantom mirror    |       |       |       |       |       |       |       |     1 |     2 ||     3
         Lightning rod     |       |       |       |       |       |       |       |       |     4 ||     4
         Box of beasts     |       |       |       |       |       |       |       |       |     1 ||     1
    Use: Potion            |       |       |     7 |     1 |       |     7 |     6 |    16 |    52 ||    89
         Scroll            |       |       |       |    22 |     5 |     6 |    11 |    23 |    56 ||   123
   Stab: Sleeping          |     2 |       |     2 |       |     2 |     3 |     3 |     5 |       ||    17
         Confused          |       |       |     7 |    14 |     6 |     4 |     7 |     7 |       ||    45
         Held in net/web   |       |       |     2 |       |       |       |       |       |       ||     2
         Invisible         |       |       |       |     1 |     2 |       |     2 |     1 |       ||     6
         Distracted        |       |       |       |       |     2 |     2 |     2 |       |       ||     6
         Petrified         |       |       |       |       |     3 |       |       |       |       ||     3
         Petrifying        |       |       |       |       |     1 |       |       |       |       ||     1
 Armour: Skin              |    47 |   110 |   147 |   370 |   626 |   791 |   704 |   672 |  1498 ||  4965
  Dodge: Dodged            |    53 |   149 |   127 |   519 |  1242 |  1375 |  1565 |  2031 |  4578 || 11639
  Block: Buckler           |    13 |    38 |    55 |   147 |   221 |       |       |       |       ||   474
         Kite shield       |       |       |       |       |   487 |  1251 |  1761 |  2603 |  6249 || 12351
         Tower shield      |       |       |       |       |       |       |       |       |   866 ||   866

Table legend: (Time is in decaauts)
 A = Elapsed time spent in this place.
 B = Non-inter-level travel time spent in this place.
 C = Inter-level travel time spent in this place.
 D = Time resting spent in this place.
 E = Time spent auto-exploring this place.
 F = Levels seen in this place.
 G = Mean time per level.
                   A        B        C        D        E       F      G
               +--------+--------+--------+--------+--------+-----+--------+
         Total | 134187 | 123933 |  10254 |  13941 |  77832 | 118 | 1137.2 |
       Dungeon |  19813 |  16630 |   3183 |   1049 |  11732 |  15 | 1320.9 |
        Temple |      1 |      1 |      0 |      0 |      0 |   1 |    1.0 |
          Lair |   8783 |   7714 |   1069 |    462 |   5202 |   5 | 1756.6 |
        Shoals |   6771 |   6570 |    201 |    722 |   4360 |   4 | 1692.8 |
   Spider Nest |  10059 |   9764 |    295 |   1270 |   6506 |   4 | 2514.8 |
    Slime Pits |   3897 |   3765 |    132 |   1705 |    987 |   5 |  779.4 |
  Orcish Mines |   5170 |   4926 |    244 |   1224 |   2338 |   2 | 2585.0 |
   Elven Halls |   7539 |   6968 |    571 |    659 |   4477 |   3 | 2513.0 |
        Vaults |  11810 |  10833 |    977 |    423 |   7796 |   5 | 2362.0 |
         Crypt |   3856 |   3433 |    423 |      5 |   2487 |   3 | 1285.3 |
          Tomb |   5238 |   4913 |    325 |    988 |   3023 |   3 | 1746.0 |
        Depths |   9324 |   8014 |   1310 |    478 |   5666 |   4 | 2331.0 |
          Hell |    771 |    548 |    223 |     88 |    226 |   1 |  771.0 |
           Dis |   3825 |   3727 |     98 |    978 |   1725 |   7 |  546.4 |
       Gehenna |   4088 |   3754 |    334 |    492 |   2530 |   7 |  584.0 |
       Cocytus |   3785 |   3599 |    186 |    333 |   2197 |   7 |  540.7 |
      Tartarus |   4163 |   3762 |    401 |    382 |   2601 |   7 |  594.7 |
           Zot |   5481 |   5206 |    275 |    418 |   3680 |   5 | 1096.2 |
         Abyss |   1254 |   1254 |      0 |    105 |    316 |   5 |  250.8 |
   Pandemonium |  15053 |  15053 |      0 |   1607 |   8219 |  20 |  752.7 |
         Trove |    144 |    144 |      0 |      0 |     44 |   1 |  144.0 |
        Bailey |    545 |    545 |      0 |     45 |    267 |   1 |  545.0 |
      Ice Cave |    717 |    717 |      0 |    136 |    352 |   1 |  717.0 |
       Volcano |    630 |    630 |      0 |    366 |     16 |   1 |  630.0 |
        Wizlab |   1458 |   1458 |      0 |      0 |   1080 |   1 | 1458.0 |
               +--------+--------+--------+--------+--------+-----+--------+

Top non-repeatable levels by time:
   Tar:7: 3640 daAuts
Depths:1: 3456 daAuts
  Lair:5: 3375 daAuts
Vaults:3: 3268 daAuts
   Elf:3: 3244 daAuts
   Elf:2: 2892 daAuts
   Orc:2: 2824 daAuts
Vaults:1: 2817 daAuts
Spider:4: 2800 daAuts
  Tomb:1: 2671 daAuts
Shoals:4: 2646 daAuts
Spider:2: 2578 daAuts
Spider:1: 2387 daAuts
Depths:2: 2355 daAuts
   Orc:1: 2346 daAuts
